 Dungeon Crawl Stone Soup version 0.31-a0-675-g238779eb0a (webtiles) character file.

Game seed: 15151341096271757206

9433430 olmar the Petrodigitator (level 27, 199/199 HPs)
             Began as a Gargoyle Earth Elementalist on Sept 3, 2023.
             Was an Initiate of Gozag.
             Escaped with the Orb
             ... and 15 runes on Sept 6, 2023!
             The game lasted 06:22:10 (180485 turns).

olmar the Petrodigitator (GrEE)                   Turns: 180485, Time: 06:22:12

Health: 199/199    AC: 42    Str: 17    XL:     27
Magic:  59/59      EV: 30    Int: 27    God:    Gozag
Gold:   12168      SH: 13    Dex: 10    Spells: 44/80 levels left

rFire   + . .        h - staff of earth
rCold   + + +        f - +3 warlock's mirror {omnireflect}
rNeg    + + +        U - +4 skin of Zhor {*Englaciate rC+++ SInv}
rPois   ∞            S - +1 helmet {SInv}
rElec   +            M - +1 cloak of Starlight {*Dazzle EV+4 Stlth--}
rCorr   .            d - +1 pair of gloves of Chimes {Rampage rPois rF+ Will-}
SInv    +            N - +2 pair of slick slippers {slick, slippery, EV+4}
Will    +....        v - amulet of Vitality {RegenMP++ Regen++}
Stlth   +            w - ring of the Mage {Wiz Archmagi}
HPRegen 2.13/turn    q - ring of Mistrust {Wiz *Corrode rElec rN+++ Str+2 Stlth+}
MPRegen 1.16/turn

%: random rage (3%), corrode self (3%), reflection, rampage, wizardry (x2),
archmagi
@: flying, studying Air Magic
A: sickness immunity, AC +20, big wings, negative energy resistance 1,
electricity resistance, torment resistance 1, petrification resistance,
iridescent scales 1, berserk 1, high MP 1, screaming 1, teleportitis 1, wild
magic 1, evolution 1, inability to read after injury 1
0: Orb of Zot
}: 15/15 runes: decaying, slimy, silver, golden, iron, obsidian, icy, bone,
abyssal, demonic, glowing, magical, fiery, dark, gossamer
a: Renounce Religion, Potion Petition, Call Merchant, Bribe Branch


You escaped.
You worshipped Gozag.
Gozag was extremely pleased with you.
You visited 18 branches of the dungeon, and saw 87 of its levels.
You visited Pandemonium 1 time, and saw 20 of its levels.
You visited the Abyss 4 times.

You collected 64748 gold pieces.
You spent 12034 gold pieces at shops.
You paid 40546 gold pieces to Gozag.

Inventory:

Armour
 d - the +1 pair of gloves of Chimes (worn) {Rampage rPois rF+ Will-}
   (You found it on level 2 of the Crypt)

   rF+:       It protects you from fire.
   rPois:     It protects you from poison Will-: It decreases your willpower.
   Rampage:   It bestows one free step when moving towards enemies.
 f - the +3 warlock's mirror (worn) {omnireflect}
   (You bought it in a shop in the Vestibule of Hell)

   Omnireflect: It can block and reflect piercing ranged attacks and magical
   attacks against the wielder's willpower.
 L - the +5 fire dragon scales of Inference {rF++ rC- Int+7 Dex-2}
   (You bought it in a shop on level 10 of the Dungeon)

   Int+7:     It affects your intelligence (+7).
   Dex-2:     It affects your dexterity (-2).
   rF++:      It greatly protects you from fire.
   rC-:       It makes you vulnerable to cold.
 M - the +1 cloak of Starlight (worn) {*Dazzle EV+4 Stlth--}
   (You found it on level 7 of Cocytus)

   *Dazzle:   It may blind those who miss an attack against the wearer in melee
   combat.
   EV+4:      It affects your evasion (+4).
   Stlth--:   It makes you much less stealthy.
 N - the +2 pair of slick slippers (worn) {slick, slippery, EV+4}
   (You acquired it on level 1 of the Realm of Zot)

   Slick:     Its wearer cannot be constricted, engulfed, netted or webbed.
   Slippery:  Its wearer slips away from damaging melee attacks, pulling the
   attacker onward.
   EV+4:      It affects your evasion (+4).
 S - a +1 helmet of see invisible (worn)
 U - the +4 skin of Zhor (worn) {*Englaciate rC+++ SInv}
   (You bought it in a shop on level 10 of the Dungeon)

   *Englaciate: It radiates cold, occasionally slowing all nearby creatures who
   are not resistant to cold.
   rC+++:     It renders you almost immune to cold.
   SInv:      It lets you see invisible.
Magical Staves
 h - a staff of earth (weapon)
 u - the staff "Cihup" {rElec rF+ rC+ Fire}
   (You found it on level 7 of Gehenna)

   [staff of fire]

   Base accuracy: +5 Base damage: 5 Base attack delay: 1.2 This weapon's minimum
   attack delay (0.6) is reached at skill level 12.
   rF+:       It protects you from fire.
   rC+:       It protects you from cold.
   rElec:     It insulates you from electricity.
   Fire:      It increases the power of your Fire spells.
   It falls into the 'Staves' category.
   It is a one-handed weapon.
Jewellery
 i - the ring "Luqush" {rF+ Will+ Str+4 Slay-2}
   (You bought it in a shop on level 10 of the Dungeon)

   [ring of protection from fire]

   Str+4:     It affects your strength (+4).
   Slay-2:    It affects your accuracy & damage with ranged weapons and melee
   (-2).
   rF+:       It protects you from fire.
   Will+:     It increases your willpower.
 q - the ring of Mistrust (right hand) {Wiz *Corrode rElec rN+++ Str+2 Stlth+}
   (You bought it in a shop on level 10 of the Dungeon)

   [ring of wizardry]

   Wiz:       It improves your spell success rate.
   Str+2:     It affects your strength (+2).
   rElec:     It insulates you from electricity.
   rN+++:     It renders you almost immune to negative energy.
   *Corrode:  It may corrode you when you take damage.
   Stlth+:    It makes you more stealthy.
 v - the amulet of Vitality (around neck) {RegenMP++ Regen++}
   (You found it on level 5 of the Pits of Slime)

   [amulet of magic regeneration]

   RegenMP:   It increases your rate of magic regeneration.
   Regen++:   It increases your rate of health regeneration.
 w - the ring of the Mage (left hand) {Wiz Archmagi}
   (You found it on level 4 of the Vaults)

   [ring of wizardry]

   Wiz:       It improves your spell success rate.
   Archmagi:  It increases the power of your magical spells.
 I - the ring of the Frog {rC+ rN+ SInv}
   (You found it in Pandemonium)

   [ring of positive energy]

   rC+:       It protects you from cold.
   rN+:       It protects you from negative energy.
   SInv:      It lets you see invisible.
 Q - the ring "Jabemy" {Drain rElec Int+6 Dex+3 Slay+3}
   (You found it in Pandemonium)

   [ring of intelligence]

   Int+6:     It affects your intelligence (+6).
   Dex+3:     It affects your dexterity (+3).
   Slay+3:    It affects your accuracy & damage with ranged weapons and melee
   (+3).
   rElec:     It insulates you from electricity.
   Drain:     It drains your maximum health when unequipped.
 Z - the ring "Merafes" {Ice rN++ rCorr}
   (You took it off Josephina on level 2 of the Depths)

   [ring of ice]

   Ice:       It enhances your ice magic.
   rF-:       It makes you vulnerable to fire.
   rC+:       It protects you from cold.
   rN++:      It greatly protects you from negative energy.
   rCorr:     It protects you from acid and corrosion.
Wands
 l - a wand of flame (168)
 o - a wand of iceblast (97)
 A - a wand of digging (34)
 D - a wand of charming (75)
 F - a wand of quicksilver (52)
 J - a wand of mindburst (89)
 T - a wand of polymorph (20)
Scrolls
 c - 6 scrolls of fog
 j - 3 scrolls of butterflies
 n - 2 scrolls of immolation
 r - 10 scrolls of enchant armour
 t - a scroll of teleportation
 x - 5 scrolls of vulnerability
 y - 5 scrolls of revelation
 B - 4 scrolls of silence
 C - 3 scrolls of poison
 K - 2 scrolls of enchant weapon
 O - 4 scrolls of torment
 V - 11 scrolls of fear
 W - 6 scrolls of blinking
Potions
 a - 2 potions of brilliance
 b - 3 potions of magic
 e - 26 potions of curing
 g - 5 potions of enlightenment
 m - 7 potions of mutation
 p - 6 potions of cancellation
 s - 9 potions of haste
 z - 9 potions of ambrosia
 E - 15 potions of might
 G - 10 potions of heal wounds
 H - 10 potions of resistance
 P - 13 potions of attraction
 R - 7 potions of lignification
 X - 7 potions of invisibility
Miscellaneous
 k - a phantom mirror
 Y - the horn of Geryon


   Skills:
 O Level 27 Fighting
 - Level 0.7(12.5) Maces & Flails
 + Level 19.0(19.1) Staves
 + Level 1.1 Throwing
 + Level 23.5 Armour
 O Level 27 Dodging
 - Level 2.1 Stealth
 O Level 27 Shields
 O Level 27 Spellcasting
 O Level 27 Conjurations
 + Level 3.1 Hexes
 - Level 0.7 Transmutations
 O Level 27 Earth Magic
 + Level 10.1 Evocations


You had 44 spell levels left.
You knew the following spells:

 Your Spells              Type           Power      Damage    Failure   Level
a - Sandblast             Erth           100%       2d20      1%          1
b - Stone Arrow           Conj/Erth      100%       3d13      1%          3
c - Mephitic Cloud        Conj/Pois/Air  100%       N/A       1%          3
d - Petrify               Tmut/Erth      100%       N/A       1%          4
e - Passwall              Tmut/Erth      100%       N/A       1%          2
f - Lee's Rapid Deconstr  Erth           88%        3d39*     1%          5
g - Leda's Unmaking       Conj/Erth      88%        9d14      1%          6
h - Lehudib's Crystal Sp  Conj/Erth      88%        10d20     1%          8
i - Leda's Liquefaction   Hex/Erth       74%        N/A       1%          4

Your spell library contained the following spells:

 Spells                   Type           Power      Damage    Failure   Level
 Apportation              Tloc           100%       N/A       1%          1
 Foxfire                  Conj/Fire      100%       2x1d9     1%          1
 Freeze                   Ice            100%       1d10      1%          1
 Kiss of Death            Conj/Necr      100%       2d13      1%          1
 Magic Dart               Conj           100%       1d8       1%          1
 Necrotise                Necr           100%       1d9       1%          1
 Slow                     Hex            100%       N/A       1%          1
 Sting                    Tmut/Pois      100%       1d8       1%          1
 Blink                    Tloc           100%       N/A       1%          2
 Call Imp                 Summ           100%       N/A       1%          2
 Ensorcelled Hibernation  Hex/Ice        100%       N/A       1%          2
 Lesser Beckoning         Tloc           100%       N/A       1%          2
 Momentum Strike          Conj/Tloc      100%       3d10      1%          2
 Poisonous Vapours        Pois/Air       100%       N/A       1%          2
 Scorch                   Fire           100%       2d9       1%          2
 Static Discharge         Conj/Air       100%       2-7/arc   1%          2
 Call Canine Familiar     Summ           63%        N/A       1%          3
 Confusing Touch          Hex            81%        N/A       1%          3
 Dazzling Flash           Conj/Hex       100%       N/A       1%          3
 Frozen Ramparts          Ice            100%       1d16      1%          3
 Gell's Gravitas          Tloc           63%        N/A       1%          3
 Hailstorm                Conj/Ice       100%       3d20      1%          3
 Ignite Poison            Fire/Tmut/Pois 65%        N/A       1%          3
 Inner Flame              Hex/Fire       73%        N/A       1%          3
 Ozocubu's Armour         Ice            63%        N/A       1%          3
 Portal Projectile        Hex/Tloc       100%       N/A       1%          3
 Summon Guardian Golem    Hex/Summ       73%        N/A       1%          3
 Swiftness                Air            64%        N/A       1%          3
 Teleport Other           Tloc           63%        N/A       1%          3
 Tukima's Dance           Hex            81%        N/A       1%          3
 Vampiric Draining        Necr           63%        2d10      1%          3
 Volatile Blastmotes      Fire/Tloc      100%       2d18      1%          3
 Anguish                  Hex/Necr       36%        N/A       1%          4
 Cause Fear               Hex            40%        N/A       1%          4
 Flame Wave               Conj/Fire      100%       2d21      1%          4
 Iskenderun's Mystic Bla  Conj/Tloc      100%       2d19      1%          4
 Sticky Flame             Conj/Fire      100%       2d11      1%          4
 Arcjolt                  Conj/Air       59%        1d69      1%          5
 Borgnjor's Vile Clutch   Necr/Erth      72%        N/A       1%          5
 Fireball                 Conj/Fire      59%        3d23      1%          5
 Freezing Cloud           Conj/Ice/Air   52%        6-21      1%          5
 Iskenderun's Battlesphe  Conj           100%       2d15      1%          5
 Conjure Ball Lightning   Conj/Air       59%        3x3d21    1%          6
 Starburst                Conj/Fire      59%        6d16      1%          6
 Orb of Destruction       Conj           75%        9d17      1%          7
 Spellforged Servitor     Conj/Summ      59%        N/A       1%          7
 Airstrike                Air            32%        2d(5-21)  3%          4
 Dispel Undead            Necr           63%        3d22      3%          4
 Manifold Assault         Tloc           63%        N/A       3%          4
 Olgreb's Toxic Radiance  Pois           63%        N/A       3%          4
 Passage of Golubria      Tloc           63%        N/A       3%          4
 Summon Ice Beast         Ice/Summ       63%        N/A       3%          4
 Summon Lightning Spire   Summ/Air       63%        N/A       3%          4
 Vhi's Electric Charge    Tloc/Air       100%       N/A       3%          4
 Metabolic Englaciation   Hex/Ice        36%        N/A       4%          5
 Silence                  Hex/Air        36%        N/A       4%          5
 Summon Mana Viper        Hex/Summ       73%        N/A       4%          5
 Yara's Violent Unravell  Hex/Tmut       37%        3d15      4%          5
 Alistair's Intoxication  Tmut/Pois      44%        N/A       7%          5
 Agony                    Necr           63%        N/A       8%          5
 Dispersal                Tloc           31%        N/A       34%         6
 Plasma Beam              Fire/Air       31%        2x1d44    34%         6
 Summon Cactus Giant      Summ           31%        N/A       34%         6
 Enfeeble                 Hex            40%        N/A       45%         7
 Fire Storm               Conj/Fire      59%        8d15      63%         9
 Haunt                    Necr/Summ      31%        N/A       83%         7
 Malign Gateway           Summ/Tloc      31%        N/A       83%         7
 Ozocubu's Refrigeration  Ice            31%        4d14      83%         7
 Summon Hydra             Summ           31%        N/A       83%         7
 Borgnjor's Revivificati  Necr           31%        N/A       100%        8
 Disjunction              Tloc           31%        N/A       100%        8
 Infestation              Necr           31%        N/A       100%        8
 Maxwell's Capacitive Co  Air            32%        ∞         100%        8
 Death's Door             Necr           31%        N/A       100%        9
 Cigotuvi's Dreadful Rot  Necr/Pois/Air  Unusable   N/A       N/A         2
 Sublimation of Blood     Necr           Unusable   N/A       N/A         2
 Animate Dead             Necr           Unusable   N/A       N/A         4
 Simulacrum               Ice/Necr       Unusable   N/A       N/A         6

Dungeon Overview and Level Annotations

Branches:
Dungeon (15/15)            Temple (1/1) D:6            Lair (5/5) D:8
  Swamp (4/4) Lair:2       Spider (4/4) Lair:3        Slime (5/5) Lair:5
    Orc (2/2) D:11            Elf (3/3) Orc:2        Vaults (5/5) D:13
  Crypt (3/3) Vaults:2       Tomb (3/3) Crypt:3      Depths (4/4) D:15
   Hell (visited)             Dis (7/7) Hell            Geh (7/7) Hell
    Coc (7/7) Hell            Tar (7/7) Hell            Zot (5/5) Depths:4

Altars:
Ashenzari
Cheibriados
Dithmenos
Elyvilon
Fedhas
Gozag
Hepliaklqana
Kikubaaqudgha
Makhleb
Nemelex Xobeh
Okawaru
Qazlal
Ru
Sif Muna
Trog
Uskayaw
Vehumet
Wu Jian
Xom
Yredelemnul
Zin
The Shining One
Jiyva
Lugonu

Shops:
D:4 =   D:5 (   D:10 [=   D:11 [   Orc:1 =*   Orc:2 [*[*   Elf:1 *=:   Elf:2 *[
Lair:4 ?   Spider:4 (*   Vaults:1 *   Vaults:3 [   Vaults:4 !=[   Hell *[=
Zot:1 =[   Depths:3 (*

Portals:
Hell: Lair:5 Depths:1 Depths:2 Depths:3 Depths:4
Abyss: Slime:4 Crypt:2 Depths:2 Depths:3 Depths:4
Pandemonium: Depths:1 Depths:2
Ziggurat: Depths:3

Annotations:
D:6 1 runed translucent door, Crazy Yiuf
Lair:1 3 runed translucent doors, Lacise's ghost, journeyman TrSh
Spider:2 2 transporters, Arachne; Musia's ghost, adept DjCj
Vaults:4 Xtahua
Crypt:1 1 runed translucent door, Rakupo Megg's ghost, veteran GrEE


Innate Abilities, Weirdness & Mutations

You are immune to sickness and miasma.
Your stone body is resilient. (AC +20)
You are immune to poison.
Your large and strong wings let you fly.
You resist negative energy. (rN+)
You are resistant to electric shocks. (rElec)
You are resistant to unholy torment.
You are immune to petrification.
You are partially covered in iridescent scales. (AC +2)
You sometimes lose your temper in combat.
You have an increased reservoir of magic. (+10% MP)
You occasionally shout uncontrollably at your foes.
You are occasionally teleported next to monsters.
Your spells are a little harder to cast, but a little more powerful.
You have hidden genetic potential.
You occasionally lose the ability to read scrolls when taking damage.


Message History

There is a stone staircase leading up here.
You fly upwards.
There is a stone staircase leading down here.
Unknown command.
An Orb Guardian comes into view.
There is a stone staircase leading up here.
Unknown command.
You feel a strong surge of power!
The crystal spear hits the Orb Guardian!!!!
You kill the Orb Guardian!
A blizzard demon comes into view.
You feel a strong surge of power!
The crystal spear hits the blizzard demon!!!!
You kill the blizzard demon!
There is a stone staircase leading up here.
You fly upwards.
There is a stone staircase leading down here.
Unknown command.
There is a stone staircase leading up here.
You fly upwards.
There is a stone staircase leading down here.
Unknown command.
Okay, then.
Unknown command.
You see here a +0 dagger.
An efreet comes into view.
It is wielding a +4 scimitar of flaming.
You radiate an aura of cold.
The efreet seems to slow down.
You block the efreet's attack. You block the efreet's attack.
You reach down and open the door.
The efreet is no longer moving slowly.
The efreet gestures at you.
The fireball explodes!
The fireball engulfs you but does no damage.
The fireball engulfs the efreet.
The efreet completely resists.
There is an open door here.
The efreet gestures at you. The bolt of fire hits you. You resist.
There is a staircase leading out of the dungeon here.
You can't go down here!
You have escaped!

#..........................
#......................##..
#.....###.........#...####.
####......###.#.........###
#........#.##...........
#.......................
#....++'+++......#......
#....+....+.............
#....+.@R☼○.............
#########..+....+.............
#.......#..+....+.............
#..........++++++...##........
#.......##.......##.#..#..#...
#.................#...##....##
#......>##.######....###.##..#
#.......##..# ###.#.....##...
####......#.####...##.........


You could see an efreet.

Vanquished Creatures
  Cerebov (Pan)
  Antaeus (Coc:7)
  Asmodeus (Geh:7)
  the Royal Jelly (Slime:5)
  Ereshkigal (Tar:7)
  the Serpent of Hell (Coc:7)
  Gloorx Vloq (Pan)
  A seraph (Pan)
  Lom Lobon (Pan)
  Mnoleg (Pan)
  Dispater (Dis:7)
  5 dread liches
  5 orbs of fire (Zot:5)
  Mara (Vaults:2)
  Mennas (Depths:4)
  5 ancient liches
  2 juggernauts
  Sojobo (Depths:4)
  11 royal mummies
  Josephina (Depths:2)
  11 pandemonium lords (Pan)
  27 shard shrikes
  9 Killer Klowns
  the Lernaean hydra (Swamp:4)
  2 curse toes
  23 caustic shrikes
  21 profane servitors
  9 golden dragons
  Geryon (Hell)
  The ghost of Hyrrirob the Devastator, a veteran GrEE of Lugonu (Crypt:2)
  Nikola (Depths:1)
  20 bone dragons
  12 doom hounds
  A shard shrike zombie (Crypt:3)
  4 electric golems
  20 Brimstone Fiends
  2 pearl dragons (Pan)
  25 Tzitzimimeh
  24 Hell Sentinels
  12 iron giants
  15 hellephants
  Jorgrun (Orc:2)
  22 tentacled monstrosities
  2 walking earthen tomes
  21 tainted leviathans
  29 Ice Fiends
  Grunn (Zot:4)
  27 Orb Guardians
  10 liches
  3 deep elf master archers (Elf:3)
  13 titans
  4 deep elf blademasters
  Asterion (Vaults:3)
  12 death cobs
  24 searing wretches
  22 acid blobs
  3 walking frostbound tomes
  7 sphinxes
  3 quicksilver dragons
  Murray (Hell)
  33 Executioners
  36 ancient champions
  2 thorn hunters
  7 tengu reavers
  Kirke (Spider:1)
  19 storm dragons
  16 shadow dragons
  15 tentacled starspawn
  Roxanne (Elf:1)
  3 revenants
  4 draconian monks
  15 fire giants
  8 rockslimes
  19 narguns
  7 draconian knights
  Donald (Vaults:1)
  6 demonspawn warmongers (Pan)
  5 deep elf sorcerers
  5 emperor scorpions
  6 iron dragons
  25 azure jellies
  21 daevas (Pan)
  19 frost giants
  24 quicksilver elementals
  21 vault wardens
  16 ghost moths
  38 balrugs
  5 draconian scorchers
  8 shard shrike simulacra
  4 draconian shifters
  5 curse skulls
  2 draconian stormcallers
  9 deep elf elementalists
  52 cacodemons
  3 orc warlords
  A spectral juggernaut (Tar:2)
  40 angels (Pan)
  2 spectral caustic shrikes
  16 ironbound preservers
  A ghost moth (shapeshifter) (Vaults:4)
  2 broodmothers (Spider:4)
  33 very ugly things
  14 stone giants
  9 formless jellyfish
  A ghoul (Crypt:1)
  17 ophanim
  6 quicksilver oozes
  11 ironbound thunderhulks
  11 draconian annihilators
  7 demonspawn corrupters (Pan)
  4 spriggan defenders
  30 reapers
  50 war gargoyles
  9 demonspawn blood saints (Pan)
  37 apis (Pan)
  17 vampire knights
  14 green draconians
  11 black draconians
  9 yellow draconians
  20 lorocyprocas
  21 elemental wellsprings
  8 eleionomae
  7 deep elf demonologists
  26 putrid mouths
  11 demonspawn black suns (Pan)
  5 bunyips
  19 dire elephants
  4 bennus
  9 spark wasps
  Azrael (Spider:3)
  8 purple draconians
  11 white draconians
  13 deep elf annihilators
  15 eidola
  31 wendigos
  10 red draconians
  14 crystal guardians
  28 iron golems
  15 deep elf death magi
  19 blizzard demons
  11 mummy priests
  11 deep elf high priests
  24 green deaths
  2 spectral krakens (Tar:7)
  16 ettins
  13 yaktaur captains
  5 entropy weavers
  7 fire dragons
  4 jiangshi
  Fannar (Lair:2)
  6 spectral spriggans
  16 great orbs of eyes
  6 ice dragons
  34 vault guards
  3 spriggan zombies
  16 caustic shrike simulacra
  6 ogre magi
  11 rakshasas
  18 hydras
  10 peacekeepers
  3 juggernaut simulacra
  8 salamander tyrants
  3 jorogumos (Spider:4)
  2 ghost crabs
  A sphinx zombie (Crypt:1)
  8 spriggan air magi
  11 hell beasts
  2 spriggan skeletons
  12 ironbound frosthearts
  3 catoblepae
  A spectral stone giant (Tar:3)
  8 stokers
  16 centaur warriors
  Erica (D:8)
  4 death knights
  17 two-headed ogres
  17 boulder beetles
  11 alligators
  13 death scarabs
  A satyr (Abyss:4)
  31 dancing weapons
  2 orc high priests
  19 tengu warriors
  7 deep troll earth magi
  19 death yaks
  5 deep troll shamans
  36 hell hogs
  A naga warrior (Abyss:2)
  8 spriggan berserkers
  6 vampire magi
  A spectral emperor scorpion (Spider:4)
  3 spectral dire elephants
  The ghost of Ekaitz the Geomancer, a novice DEEE of Vehumet (D:10)
  10 thrashing horrors
  Amaemon (D:8)
  30 demonic crawlers
  19 deep elf knights
  32 soul eaters
  10 wretched stars
  Nergalle (Lair:3)
  16 hell knights
  10 crystal echidnas
  A titan skeleton (Abyss:2)
  50 sun demons
  16 iron trolls
  25 skeletal warriors
  2 bunyip zombies
  A sea snake (shapeshifter) (Vaults:5)
  17 shadow wraiths
  6 pharaoh ants
  7 quicksilver dragon simulacra
  46 sixfirhies
  7 goliath frogs
  4 kraken simulacra (Coc:7)
  23 cherubim (Pan)
  A spectral iron dragon (Tar:1)
  A death drake (Abyss:3)
  3 orange crystal statues (Hell)
  50 deep trolls
  A golden dragon zombie (Tomb:2)
  A glowing orange brain (shapeshifter) (Elf:3)
  An anaconda zombie (Hell)
  2 flayed ghosts
  8 spriggan simulacra
  8 orb spiders
  19 ironbound convokers
  4 spriggan druids (Swamp:3)
  2 spectral hydras
  A bog body (Swamp:2)
  11 phantasmal warriors
  11 swamp dragons
  A shadow dragon zombie (Hell)
  2 bunyip skeletons (Pan)
  A lindwurm (shapeshifter) (Orc:2)
  16 shadow demons (Pan)
  An iron dragon zombie (Crypt:2)
  14 wizards
  7 glowing orange brains
  Pikel (D:5)
  9 steelbarb worms
  14 deep elf archers
  11 lindwurms
  20 necromancers
  A broodmother zombie (Spider:4)
  26 deep elf pyromancers
  25 deep elf zephyrmancers
  2 wolf spider zombies (Spider:4)
  7 orc knights
  21 wolf spiders
  A spectral ettin (Tar:1)
  2 fenstrider witch simulacra (Coc:1)
  9 shining eyes
  A harpy (Vaults:1)
  A manticore (shapeshifter) (Vaults:5)
  11 cyclopes
  A cyclops (shapeshifter) (Crypt:2)
  2 orc sorcerers
  2 will-o-the-wisps
  3 salamanders
  25 ugly things
  2 worldbinders
  2 spectral centaurs (Tar:2)
  Maurice (D:8)
  2 moths of wrath (shapeshifter)
  2 manticores (D:12)
  11 rust devils
  4 guardian serpents
  28 moths of wrath
  A dire elephant zombie (Crypt:3)
  A human skeleton (Vaults:1)
  2 black mambas
  A frost giant skeleton (Crypt:2)
  A naga mage (Abyss:4)
  3 apocalypse crabs
  7 ice statues
  4 elephants
  An alligator snapping turtle zombie (Tomb:1)
  2 eyes of devastation
  2 gargoyles
  22 vault sentinels
  12 cane toads
  100 smoke demons
  7 titan simulacra
  54 orange demons
  6 molten gargoyles (Hell)
  5 torpor snails
  A dire elephant skeleton (Crypt:3)
  A purple draconian zombie (Crypt:1)
  6 spectral redbacks (Spider:4)
  Maggie (D:6)
  A storm dragon simulacrum (Coc:1)
  3 bunyip simulacra
  42 yaktaurs
  3 centaur skeletons
  10 spectral swamp worms (Tar:7)
  5 rime drakes
  7 komodo dragons
  34 hellions
  A yaktaur (shapeshifter) (Abyss:2)
  2 alligator snapping turtle skeletons
  2 efreet
  3 unseen horrors
  4 kobold demonologists
  38 tormentors
  A yellow draconian skeleton (Crypt:2)
  2 komodo dragons (shapeshifter)
  13 ice devils
  5 ancient zymes
  2 iron giant simulacra
  4 anaconda simulacra
  9 tengu conjurers
  2 spectral nagas
  4 freezing wraiths
  9 spectral harpies
  2 redback zombies (Spider:4)
  17 trolls
  3 polar bears
  5 golden dragon simulacra
  4 silent spectres
  3 bloated husks
  20 guardian mummies
  5 harpy zombies
  17 red devils
  4 tyrant leeches
  A wind drake (shapeshifter) (Depths:1)
  34 hellwings
  36 tarantellas
  A spectral tarantella (Spider:4)
  Prince Ribbit (D:7)
  15 hornets
  4 spectral jumping spiders (Spider:4)
  2 iron dragon simulacra
  A jumping spider zombie (Spider:4)
  2 harpy skeletons
  Grinder (D:6)
  3 culicivora zombies
  5 raiju
  2 tarantella zombies (Spider:4)
  An ettin zombie (Crypt:2)
  2 fire dragon zombies (Crypt:3)
  25 blink frogs
  2 stone giant simulacra
  112 slime creatures
  37 flying skulls
  51 ynoxinuls
  29 jumping spiders
  14 dire elephant simulacra
  2 centaur simulacra
  19 spriggans
  A vampire (Abyss:2)
  A yak (shapeshifter) (D:8)
  20 culicivoras
  4 air elementals
  12 wyverns
  2 hogs (Spider:1)
  65 yaks
  5 water elementals
  8 wraiths
  Eustachio (D:6)
  11 ushabtiu
  3 humans (D:13)
  An alligator snapping turtle simulacrum (Coc:1)
  A basilisk (shapeshifter) (Elf:3)
  65 chaos spawn
  13 golden eyes
  45 neqoxecs
  4 fire elementals (Spider:3)
  94 large abominations
  10 vampire mosquitoes (D:11)
  3 basilisks
  37 redbacks
  3 wargs
  A steam dragon (D:8)
  12 swamp worms
  Edmund (D:5)
  4 nagas
  3 acid dragons
  A water nymph zombie (Crypt:1)
  16 harpy simulacra
  2 merfolk zombies
  17 hell hounds
  9 water moccasins
  2 floating eyes
  3 hydra simulacra
  A naga skeleton (Pan)
  2 ice beasts
  5 swamp drakes (Swamp:4)
  2 sky beasts
  A glowing shapeshifter skeleton (Vaults:1)
  5 black bears
  21 orc warriors
  A fire dragon simulacrum (Hell)
  10 ettin simulacra
  A blink frog zombie (Crypt:1)
  A dream sheep zombie (Crypt:1)
  24 ogres
  A phantom (D:5)
  3 wolves
  7 boggarts
  A snapping turtle skeleton (Crypt:2)
  12 centaurs
  A centaur (shapeshifter) (Abyss:3)
  2 lemures (D:6)
  4 kobold brigands
  12 bullfrogs
  29 small abominations
  3 earth elementals
  3 human zombies
  5 naga simulacra
  4 necrophages (Crypt:3)
  A water moccasin zombie (Crypt:2)
  2 scorpions
  26 wights
  A deep troll simulacrum (Coc:2)
  8 killer bees
  7 electric eels
  6 crimson imps
  A quasit (Abyss:2)
  An iron imp (Pan)
  2 jellies
  A gnoll bouda (D:6)
  16 orc priests
  6 hounds
  Terence (D:2)
  13 starcursed masses
  A sleepcap (D:6)
  21 orc wizards
  3 naga zombies
  20 mummies
  8 gnolls
  A howler monkey skeleton (Crypt:2)
  6 adders
  A steam dragon skeleton (Crypt:1)
  4 shadow imps
  3 white imps
  3 ufetubi (Abyss:2)
  An adder zombie (Crypt:1)
  3 worms
  4 dart slugs
  66 orcs
  3 ball pythons
  12 bats
  7 endoplasms
  13 giant cockroaches
  A gnoll zombie (Crypt:2)
  5 goblins
  5 hobgoblins
  2 quokkas
  A frilled lizard (D:2)
  A frilled lizard zombie (Crypt:1)
  14 kobolds
  An orc zombie (Crypt:2)
  3 rats
  A ball lightning (Pan)
  6 creeping infernos
  7 fire vortices
  6 lurking horrors
  4 starspawn tentacles
  2 tentacles
4746 creatures vanquished.

Vanquished Creatures (collateral kills)
  Khufu (Tomb:3)
  4 royal mummies
  2 profane servitors (Tar:7)
  4 ancient champions
  A tentacled starspawn (Abyss:4)
  A revenant (Tomb:3)
  5 bennus (Tomb:3)
  3 mummy priests (Tomb:3)
  A spriggan zombie (Tomb:3)
  A centaur zombie (Tomb:3)
  12 guardian mummies
  A hornet (Swamp:1)
  An ettin zombie (Tomb:3)
  A spriggan (Swamp:1)
  A culicivora (Spider:1)
  A yak (D:9)
  3 ushabtiu
  A redback (Spider:1)
  6 mummies
50 creatures vanquished.

Vanquished Creatures (others)
  5 royal mummies
  A tentacled monstrosity (Pan)
  A lich (Tomb:1)
  3 sphinxes (Tomb:1)
  An eldritch tentacle (Pan)
  2 ancient champions
  2 shard shrike simulacra (Coc:7)
  A war gargoyle (Dis:5)
  2 very ugly things (Pan)
  2 elemental wellsprings (Coc:6)
  A black draconian (Zot:5)
  16 bennus
  8 mummy priests
  A jiangshi (Abyss:4)
  4 caustic shrike simulacra
  A juggernaut simulacrum (Depths:2)
  4 death scarabs (Tomb:2)
  A sixfirhy (Pan)
  4 skeletal warriors
  A deep troll (Depths:4)
  3 spriggan simulacra
  A deep elf zephyrmancer (Elf:1)
  A wolf spider (Spider:1)
  A centaur zombie (Tomb:2)
  2 anaconda simulacra
  A spark wasp simulacrum (Depths:2)
  An iron giant simulacrum (Coc:4)
  15 guardian mummies
  A tarantella (Spider:4)
  An iron dragon simulacrum (Coc:7)
  A jumping spider (Spider:1)
  A stone giant simulacrum (Coc:1)
  4 ushabtiu
  A yak (D:9)
  A neqoxec (Pan)
  A human (Spider:1)
  A chaos spawn (Pan)
  2 harpy simulacra
  A hell hound (Hell)
  A naga skeleton (Tomb:3)
  An ettin simulacrum (Depths:2)
  A bullfrog (Lair:2)
  2 naga simulacra (Coc:7)
  A human simulacrum (Depths:2)
  2 killer bees (D:7)
  An orc wizard (D:8)
  9 mummies
  2 orcs
  8 ball lightnings (Pan)
  5 creeping infernos
  18 foxfires
  23 starspawn tentacles
  18 tentacles
193 creatures vanquished.

Grand Total: 4989 creatures vanquished

Notes
Turn   | Place    | Note
-------+----------+-------------------------------------------
     0 | D:1      | olmar the Gargoyle Earth Elementalist began the quest for
                  | the Orb.
     0 | D:1      | Reached XP level 1. HP: 10/10 MP: 3/3
   134 | D:1      | Reached XP level 2. HP: 15/15 MP: 1/5
   561 | D:1      | Reached XP level 3. HP: 19/19 MP: 4/6
   586 | D:1      | Found a faded altar of an unknown god.
   673 | D:1      | Learned a level 3 spell: Stone Arrow
  1329 | D:2      | Noticed Terence
  1375 | D:3      | Reached skill level 5 in Earth Magic
  1456 | D:3      | Found a hide-covered altar of Uskayaw.
  1459 | D:3      | Reached XP level 4. HP: 24/24 MP: 6/8
  1519 | D:3      | Identified the +0 leather armour of Lotitail {rF- rCorr
                  | Str+3}
  1963 | D:3      | Got the Treatise on Unholy Mysteries
  2135 | D:3      | Found a snail-covered altar of Cheibriados.
  2268 | D:4      | Reached XP level 5. HP: 26/28 MP: 6/10
  2458 | D:4      | Found a sparkling altar of Nemelex Xobeh.
  2536 | D:4      | Found Rybruefi's Jewellery Emporium.
  2739 | D:4      | You fall into a shaft and drop 3 floors!
  2829 | D:7      | Noticed an ice beast
  2869 | D:7      | Reached XP level 6. HP: 15/32 MP: 7/12
  2873 | D:7      | Killed an ice beast
  3007 | D:7      | Reached XP level 7. HP: 36/36 MP: 12/14
  3037 | D:7      | Reached skill level 5 in Spellcasting
  3198 | D:6      | Noticed Grinder
  3198 | D:6      | Noticed Prince Ribbit
  3373 | D:7      | Killed Prince Ribbit
  3483 | D:7      | Reached skill level 1 in Evocations
  3684 | D:7      | Reached XP level 8. HP: 42/42 MP: 3/16
  3784 | D:6      | Reached skill level 1 in Conjurations
  4021 | D:6      | Found a staircase to the Ecumenical Temple.
  4030 | Temple   | Entered the Ecumenical Temple
  4043 | Temple   | Became a worshipper of Gozag Ym Sagoz the Greedy
  4119 | D:5      | Entered Level 5 of the Dungeon
  4167 | D:5      | Reached skill level 1 in Fighting
  4686 | D:2      | Killed Terence
  4984 | D:5      | Found Qaso's Antique Weapon Shop.
  4991 | D:5      | Bought a crude whip for 172 gold pieces
  4991 | D:5      | Identified the +2 whip "Miki" {protect, rN+ Int+3} (You
                  | bought it in a shop on level 5 of the Dungeon)
  5039 | D:5      | Noticed Edmund
  5454 | D:5      | Killed Edmund
  5668 | D:6      | Noticed Maggie
  5673 | D:6      | Killed Maggie
  5674 | D:6      | Reached skill level 1 in Armour
  5674 | D:6      | Reached XP level 9. HP: 47/47 MP: 3/20
  6060 | D:6      | Noticed Pikel
  6298 | D:5      | Killed Pikel
  6411 | D:6      | Reached skill level 5 in Conjurations
  6438 | D:6      | Noticed Eustachio
  6444 | D:6      | Killed Eustachio
  6444 | D:6      | Paralysed by Grinder for 5 turns
  6600 | D:6      | Killed Grinder
  7085 | D:6      | Found a runed translucent door.
  7086 | D:6      | Noticed Crazy Yiuf
  7278 | D:7      | Reached skill level 10 in Earth Magic
  7545 | D:7      | Reached XP level 10. HP: 34/53 MP: 18/22
  8020 | D:8      | Learned a level 3 spell: Mephitic Cloud
  8025 | D:8      | Learned a level 4 spell: Petrify
  8028 | D:8      | Learned a level 2 spell: Passwall
  8276 | D:8      | Noticed Erica
  8283 | D:8      | Killed Erica
  8538 | D:8      | Noticed Maurice
  8550 | D:8      | Killed Maurice
  8715 | D:8      | Found a staircase to the Lair.
  9261 | D:8      | Noticed an orange demon
  9261 | D:8      | Noticed Amaemon
  9265 | D:8      | Killed an orange demon
  9266 | D:8      | Reached skill level 1 in Throwing
  9428 | D:8      | Killed Amaemon
  9429 | D:8      | Reached XP level 11. HP: 43/57 MP: 6/24
  9546 | D:8      | Found a bloodstained altar of Trog.
  9767 | D:8      | Noticed a two-headed ogre
  9773 | D:8      | Killed a two-headed ogre
 10677 | Lair:1   | Entered Level 1 of the Lair of Beasts
 10720 | Lair:1   | Reached skill level 10 in Spellcasting
 11534 | Lair:1   | Noticed a boulder beetle
 12494 | D:9      | Identified the +5 short sword of Mujaequt {holy, Will-
                  | Str+3 Int+7 Stlth+}
 12970 | D:10     | Entered Level 10 of the Dungeon
 12973 | D:10     | Upgraded the game from 0.31-a0-664-g902f515a81 to
                  | 0.31-a0-672-g7da72447bb
 13005 | D:10     | Noticed a boulder beetle
 13039 | D:10     | Found a hazy altar of Hepliaklqana.
 13040 | D:10     | Found a shimmering altar of Xom.
 13231 | D:10     | Killed a boulder beetle
 13232 | D:10     | Reached XP level 12. HP: 26/64 MP: 1/26
 13366 | D:10     | Found a runed translucent door.
 13378 | D:10     | Reached skill level 5 in Armour
 13487 | D:10     | Found a glowing silver altar of Zin.
 13761 | D:10     | Noticed Ekaitz's ghost (novice DEEE)
 13992 | Lair:1   | Reached skill level 10 in Conjurations
 13999 | Lair:1   | Killed a boulder beetle
 14113 | Lair:1   | Found a runed translucent gate.
 14113 | Lair:1   | Found a runed translucent gate.
 14113 | Lair:1   | Found a runed translucent gate.
 14116 | Lair:1   | Noticed Lacise's ghost (journeyman TrSh)
 14443 | Lair:1   | Found a viscous altar of Jiyva.
 14457 | Lair:2   | Noticed a death yak
 14457 | Lair:2   | Noticed a death yak
 14457 | Lair:2   | Noticed a death yak
 14458 | Lair:2   | Noticed a death yak
 14481 | Lair:1   | Killed a death yak
 14896 | Lair:2   | Noticed Fannar
 14915 | Lair:2   | Killed Fannar
 15021 | Lair:2   | Found a staircase to the Swamp.
 15241 | Lair:2   | Identified the +6 ring mail of Disaster {Regen+ Int+4}
 15241 | Lair:2   | Noticed an eight-headed hydra
 15243 | Lair:2   | Noticed a boulder beetle
 15247 | Lair:2   | Killed an eight-headed hydra
 15387 | Lair:1   | Killed a boulder beetle
 15510 | Lair:1   | Killed a death yak
 15522 | Lair:1   | Killed a death yak
 15797 | Lair:2   | Noticed a death yak
 15799 | Lair:2   | Noticed a death yak
 15799 | Lair:2   | Noticed a death yak
 15799 | Lair:2   | Noticed a death yak
 15800 | Lair:2   | Noticed a death yak
 15801 | Lair:2   | Noticed a death yak
 15837 | Lair:1   | Killed a death yak
 15838 | Lair:1   | Reached XP level 13. HP: 55/72 MP: 7/29
 17166 | Lair:3   | Noticed Nergalle
 17184 | Lair:3   | Killed Nergalle
 18221 | Lair:3   | Found a hole to the Spider Nest.
 19134 | Lair:4   | Reached skill level 5 in Fighting
 19590 | Lair:4   | Identified the +2 robe of the Hippo {rF+ Slay+2}
 19655 | Lair:4   | Reached skill level 15 in Earth Magic
 21149 | Lair:5   | Entered Level 5 of the Lair of Beasts
 21158 | Lair:5   | Gained mutation: Your large and strong wings let you fly.
                  | [Gargoyle growth]
 21158 | Lair:5   | Reached XP level 14. HP: 78/79 MP: 7/31
 21985 | Lair:4   | Bought a scroll of fear for 56 gold pieces
 21985 | Lair:4   | Bought a scroll of immolation for 56 gold pieces
 21985 | Lair:4   | Bought a scroll of vulnerability for 56 gold pieces
 21985 | Lair:4   | Bought a scroll of identify for 28 gold pieces
 21985 | Lair:4   | Bought 3 scrolls of identify for 84 gold pieces
 21985 | Lair:4   | Bought a scroll of fog for 56 gold pieces
 22721 | Lair:5   | Found a staircase to the Slime Pits.
 22721 | Lair:5   | Found a viscous altar of Jiyva.
 23594 | Lair:5   | Noticed a dire elephant
 24020 | Lair:5   | Killed a dire elephant
 24383 | Lair:5   | Found a burning altar of Makhleb.
 24814 | Lair:5   | Found a gateway to Hell.
 24822 | Lair:5   | Got the Meditations on Nightshade
 26600 | D:11     | Reached XP level 15. HP: 85/85 MP: 12/33
 27132 | D:11     | Found Ygiemal's Armour Shoppe.
 27774 | D:11     | Found a staircase to the Orcish Mines.
 27781 | Orc:1    | Entered Level 1 of the Orcish Mines
 27885 | Orc:1    | Bought the ring "Ugem" {Str+6 Int+5} for 909 gold pieces
 28311 | Orc:1    | Found a bloodstained altar of Trog.
 28780 | Orc:1    | Found Iturab's Overcharged Wands.
 29424 | Orc:2    | Entered Level 2 of the Orcish Mines
 29751 | Orc:2    | Found a staircase to the Elven Halls.
 29955 | Orc:2    | Noticed Jorgrun
 31825 | D:13     | Reached skill level 15 in Spellcasting
 32618 | D:13     | Found a gate to the Vaults.
 33354 | D:10     | Bought a shiny helmet for 210 gold pieces
 33405 | D:10     | Killed Ekaitz's ghost
 34205 | D:14     | Reached skill level 15 in Conjurations
 34764 | D:15     | Entered Level 15 of the Dungeon
 34864 | Orc:2    | Killed Jorgrun
 35521 | Orc:2    | Reached XP level 16. HP: 92/92 MP: 23/35
 36513 | Orc:2    | Found Torph's Assorted Antiques.
 36540 | Orc:2    | Found Tiynn's General Store.
 36725 | Orc:2    | Found Xuiceach's Antique Armour Shoppe.
 36757 | Orc:2    | Found Cutruub's Antique Armour Boutique.
 36761 | Orc:2    | Bought a spiked buckler for 313 gold pieces
 36761 | Orc:2    | Identified the +0 buckler of Fedhas, Witching {Will+ Str+3}
                  | (You bought it in a shop on level 2 of the Orcish Mines)
 37450 | Elf:1    | Entered Level 1 of the Elven Halls
 37719 | Elf:1    | Found Orrupn's Jewellery Shoppe.
 37736 | Elf:1    | Noticed Roxanne
 37953 | Elf:1    | Learned a level 5 spell: Lee's Rapid Deconstruction
 37960 | Elf:1    | Learned a level 6 spell: Leda's Unmaking
 38836 | Elf:1    | Got the Anthology of Allied Energy
 39268 | Elf:1    | Found Wyol Liu's General Store.
 39274 | Elf:1    | Bought a scroll of poison for 68 gold pieces
 39555 | Elf:1    | Found Far Qeus's Book Emporium.
 39980 | Elf:1    | Killed Roxanne
 40636 | D:15     | Found a staircase to the Depths.
 40812 | D:15     | Reached XP level 17. HP: 77/96 MP: 0/37
 41037 | D:15     | Reached skill level 1 in Shields
 42499 | Swamp:1  | Entered Level 1 of the Swamp
 43883 | Swamp:2  | You are sucked into a shaft and drop 1 floor!
 45736 | Swamp:4  | Entered Level 4 of the Swamp
 47655 | Swamp:4  | Noticed the 27-headed Lernaean hydra
 47667 | Swamp:4  | Killed the 27-headed Lernaean hydra
 47677 | Swamp:4  | Reached XP level 18. HP: 103/103 MP: 10/39
 48086 | Swamp:4  | Got a decaying rune of Zot
 49296 | Spider:1 | Entered Level 1 of the Spider Nest
 49769 | Spider:1 | Reached skill level 10 in Armour
 50700 | Spider:1 | Noticed Kirke
 50720 | Spider:1 | Killed Kirke
 51712 | Spider:2 | Found a transporter.
 51713 | Spider:2 | Noticed Musia's ghost (adept DjCj)
 51755 | Spider:2 | Noticed Arachne
 51955 | Spider:2 | Found a transporter.
 52866 | Spider:4 | Entered Level 4 of the Spider Nest
 54948 | Spider:3 | Noticed Azrael
 54950 | Spider:3 | Killed Azrael
 57720 | Spider:4 | Reached XP level 19. HP: 107/107 MP: 22/41
 60775 | Spider:4 | Bought a manual of Earth Magic for 1360 gold pieces
 60775 | Spider:4 | Bought a scroll of revelation for 127 gold pieces
 61530 | Spider:4 | Got a gossamer rune of Zot
 61868 | Slime:1  | Entered Level 1 of the Pits of Slime
 61878 | Slime:1  | Gained mutation: Your body sometimes deteriorates upon
                  | taking damage. [a shining eye]
 64690 | Slime:3  | Gained mutation: Potions are less effective at restoring
                  | your health. [a shining eye]
 64931 | Slime:3  | Gained mutation: You are weak. (Str -2) [a shining eye]
 65353 | Vaults:1 | Entered Level 1 of the Vaults
 66215 | Vaults:1 | Reached XP level 20. HP: 107/113 MP: 6/43
 66234 | Vaults:1 | Noticed Donald
 66237 | Vaults:1 | Killed Donald
 66291 | Vaults:1 | Found Suicvaef's General Store.
 71023 | Vaults:2 | Noticed Mara
 71151 | Vaults:2 | Killed Mara
 71739 | Vaults:2 | Identified the +6 quarterstaff of Juna {protect, rPois rF-
                  | Str+4}
 72075 | Vaults:2 | Found a staircase to the Crypt.
 72101 | Vaults:2 | You are sucked into a shaft and drop 1 floor!
 72629 | Vaults:3 | Noticed Asterion
 72633 | Vaults:3 | Killed Asterion
 72885 | Vaults:3 | Reached XP level 21. HP: 118/118 MP: 2/46
 76369 | Vaults:3 | Reached skill level 27 in Earth Magic
 80439 | Vaults:4 | Found Zejas's Jewellery Emporium.
 80568 | Vaults:4 | Reached XP level 22. HP: 124/124 MP: 25/48
 80581 | Vaults:4 | Learned a level 8 spell: Lehudib's Crystal Spear
 81308 | Vaults:4 | Noticed Xtahua
 81519 | Vaults:3 | Bought a translucent cloak for 247 gold pieces
 81519 | Vaults:3 | Identified the +4 cloak of the Vacuum {Contam Rampage rElec
                  | Int+3} (You bought it in a shop on level 3 of the Vaults)
 81677 | Depths:1 | Entered Level 1 of the Depths
 82726 | D:4      | Bought an amulet of magic regeneration for 360 gold pieces
 83523 | Depths:1 | Found a one-way gate leading to the halls of Pandemonium.
 84199 | Depths:1 | Noticed Nikola
 84202 | Depths:1 | Killed Nikola
 85897 | Depths:2 | Paralysed by a floating eye for 2 turns
 86543 | Depths:2 | Found an ornate altar of the Wu Jian Council.
 86907 | Depths:2 | Noticed a juggernaut
 86910 | Depths:2 | Killed a juggernaut
 87207 | Depths:2 | Identified the +2 scale mail "Vanuxem" {rCorr}
 87384 | Depths:2 | Found an iron altar of Okawaru.
 87384 | Depths:2 | Found a one-way gate to the infinite horrors of the Abyss.
 87419 | Depths:2 | Noticed a golden dragon
 87426 | Depths:2 | Killed a golden dragon
 87619 | Depths:2 | Reached XP level 23. HP: 128/128 MP: 38/51
 88175 | Depths:2 | Identified the ring of Mong {rF+ Dex+3}
 88419 | Depths:2 | Noticed a golden dragon
 88423 | Depths:2 | Killed a golden dragon
 89056 | Depths:2 | Found a basalt altar of Yredelemnul.
 89086 | Depths:2 | Identified the +1 long sword "Weri" {protect, rCorr}
 89566 | Depths:2 | Found a hide-covered altar of Uskayaw.
 90835 | Elf:2    | Found a radiant altar of Vehumet.
 91063 | Elf:2    | Found a runed translucent gate.
 91063 | Elf:2    | Found a runed translucent gate.
 91063 | Elf:2    | Found a runed translucent gate.
 91998 | Elf:2    | Bought a scroll of identify for 62 gold pieces
 91998 | Elf:2    | Bought a scroll of poison for 124 gold pieces
 91998 | Elf:2    | Bought a scroll of revelation for 232 gold pieces
 91998 | Elf:2    | Bought a wand of quicksilver (3) for 390 gold pieces
 92022 | Elf:2    | Bought a faintly humming robe for 210 gold pieces
 92022 | Elf:2    | Identified the +0 robe of the Eternal Fruit {rCorr Slay+2}
                  | (You bought it in a shop on level 2 of the Elven Halls)
 92024 | Elf:2    | Bought a masterwork buckler for 351 gold pieces
 92024 | Elf:2    | Identified the +0 buckler of Spite {Contam rN+ rCorr} (You
                  | bought it in a shop on level 2 of the Elven Halls)
 92358 | Elf:3    | Entered Level 3 of the Elven Halls
 92479 | Elf:3    | Paralysed by an air elemental for 1 turns
 93150 | Elf:3    | Identified the ring "Beuwkuh" {rF+ Dex+6}
 93153 | Elf:3    | Identified the +1 robe of Patience {rElec rPois rF- rN+}
 93191 | Elf:3    | Reached XP level 24. HP: 134/134 MP: 37/52
 93286 | Elf:3    | Identified the +2 robe of Macaroni {Str+3 Stlth+}
 93528 | Elf:3    | Identified the +1 leather armour of Caomn {Dex+4}
 93670 | Elf:3    | Identified the +0 scale mail of Queps {rC++ Dex-4}
 94110 | Elf:3    | Found the +3 pair of seven-league boots {Rampage+∞}
 94117 | Elf:3    | Got the Folio of Fever and the Body
 94120 | Elf:3    | Got the Atlas of Location
 94263 | Elf:3    | Identified the +5 sling of Doapp {heavy, rElec Int+3}
 94298 | Elf:3    | Got the Monograph on Spellbinding
 94355 | Elf:3    | Identified the +8 great sword of the Lurker {elec, SInv}
 94439 | Elf:3    | Identified the scarf "Ilumpai" {shadows, Slay+3}
 94674 | Vaults:4 | Found Niqetu's Distillery.
 94677 | Vaults:4 | Bought 2 potions of invisibility for 240 gold pieces
 94677 | Vaults:4 | Bought a potion of curing for 45 gold pieces
 94677 | Vaults:4 | Bought a potion of curing for 45 gold pieces
 94677 | Vaults:4 | Bought a potion of magic for 120 gold pieces
 94843 | Vaults:4 | Found Saix's Armour Emporium.
 94954 | Vaults:4 | Found the ring of the Mage {Wiz Archmagi}
 95232 | Vaults:5 | Entered Level 5 of the Vaults
 95280 | Vaults:5 | Reached skill level 5 in Shields
 95293 | Vaults:5 | Identified the ring of Ovepnaxy {Int+2 SInv}
 95434 | Vaults:5 | Identified the staff "Tesocara" {rF+ rC- Will+ Int+4 Fire}
 96132 | Vaults:5 | Identified the +10 morningstar of False Accusations {flame,
                  | rPois rN+ rCorr Dex-2}
 96132 | Vaults:5 | Identified the ring of Anukk {Ice SInv}
 97027 | Vaults:5 | Reached skill level 27 in Spellcasting
 97489 | Vaults:5 | Noticed a dread lich
 97499 | Vaults:5 | Killed a dread lich
 97629 | Vaults:5 | Noticed a dread lich
 97636 | Vaults:5 | Reached XP level 25. HP: 121/140 MP: 6/54
 97636 | Vaults:5 | Killed a dread lich
 97637 | Vaults:5 | Noticed an ancient lich
 97661 | Vaults:5 | Killed an ancient lich
 98149 | Vaults:5 | Got a silver rune of Zot
 98832 | Depths:3 | Found a one-way gateway to a ziggurat.
 98892 | Depths:3 | Found Jeled's General Store.
 98892 | Depths:3 | Found Syryemp's Antique Weapon Boutique.
 98905 | Depths:3 | Bought a potion of curing for 39 gold pieces
 98905 | Depths:3 | Bought a scroll of blinking for 97 gold pieces
 98925 | Depths:3 | You are sucked into a shaft and drop 1 floor!
 98925 | Depths:4 | Entered Level 4 of the Depths
 99130 | Depths:4 | Noticed Mennas
 99168 | Depths:4 | Killed Mennas
 99923 | Depths:3 | Noticed a juggernaut
 99946 | Depths:3 | Killed a juggernaut
100079 | Depths:3 | Paralysed by a vampire knight for 3 turns
100448 | Depths:3 | Noticed an ancient lich
100451 | Depths:3 | Killed an ancient lich
100603 | Depths:3 | Got the Grimoire of Enchanted Elsewhere
102565 | Depths:4 | Noticed Sojobo
102579 | Depths:4 | Killed Sojobo
102845 | Depths:4 | Found a radiant altar of Vehumet.
102863 | Depths:4 | Reached XP level 26. HP: 137/145 MP: 45/54
103304 | Depths:4 | Found a gate to the Realm of Zot.
103312 | Depths:4 | Reached skill level 10 in Shields
104114 | Depths:4 | Voluntarily entered the Abyss.
104133 | Abyss:1  | Found a corrupted altar of Lugonu.
104178 | Abyss:1  | Found a corrupted altar of Lugonu.
104343 | Abyss:2  | Found a corrupted altar of Lugonu.
104578 | Abyss:2  | Gained mutation: Your body often deteriorates upon taking
                  | damage. [a neqoxec]
104774 | Depths:4 | Escaped the Abyss
104819 | Depths:4 | Voluntarily entered the Abyss.
104862 | Abyss:2  | Paralysed by an air elemental for 1 turns
104870 | Abyss:2  | Found a corrupted altar of Lugonu.
104914 | Abyss:2  | Gained mutation: Your magical capacity is low. (-10% MP) [a
                  | neqoxec]
105134 | Depths:4 | Escaped the Abyss
107006 | Slime:4  | Found a corrupted altar of Lugonu.
107178 | Slime:5  | Entered Level 5 of the Pits of Slime
107936 | Slime:5  | Noticed the Royal Jelly
107949 | Slime:5  | Killed the Royal Jelly
108754 | Slime:5  | Reached skill level 10 in Fighting
108758 | Slime:5  | Gained mutation: Your magical capacity is very low. (-20%
                  | MP) [a shining eye]
109146 | Slime:5  | Found the +1 robe of Vines {NoPotionHeal Regen++++}
109153 | Slime:5  | Identified the +4 war axe "Entiorupt" {heavy, rC++ rN+++
                  | Str+3 Int-5}
109179 | Slime:5  | Identified the +3 dire flail "Leviticus" {heavy, Int+5}
109232 | Slime:5  | Got the Octavo of the Blacksmith
109235 | Slime:5  | Identified the +2 flail of Contention {flame, rF+ Will+++
                  | rCorr Stlth-}
109237 | Slime:5  | Got a slimy rune of Zot
109246 | Slime:5  | Identified the +1 leather armour of Pandemonium {Fly Will+
                  | Int+2 Dex-2}
109276 | Slime:5  | Found the amulet of Vitality {RegenMP++ Regen++}
109332 | Slime:5  | Identified the +3 war axe of Ehipn {elec, Will+ Int+3}
109466 | Slime:5  | Paralysed by a great orb of eyes for 2 turns
110058 | D:8      | Lost mutation: You are weak. (Str -2) [potion of mutation]
110058 | D:8      | Lost mutation: Your magical capacity is very low. (-20% MP)
                  | [potion of mutation]
110058 | D:8      | Gained mutation: Your skin changes colour to match your
                  | surroundings (Stealth+). [potion of mutation]
110396 | Zot:1    | Entered Level 1 of the Realm of Zot
110396 | Zot:1    | Identified a scroll of acquirement
110494 | Zot:1    | Acquired the +2 pair of slick slippers {slick, slippery,
                  | EV+4}
110494 | Zot:1    | Found the +2 pair of slick slippers {slick, slippery, EV+4}
112206 | Zot:1    | Bought a pair of glowing gloves for 187 gold pieces
112219 | Zot:1    | Bought a warped troll leather armour for 500 gold pieces
112219 | Zot:1    | Identified the +2 troll leather armour of Midnight {rPois
                  | Regen+ MP+9 Str-5 Stlth-} (You bought it in a shop on level
                  | 1 of the Realm of Zot)
112397 | Zot:2    | Lost mutation: Your skin changes colour to match your
                  | surroundings (Stealth+). [potion of mutation]
112397 | Zot:2    | Lost mutation: Your magical capacity is low. (-10% MP)
                  | [potion of mutation]
112397 | Zot:2    | Gained mutation: Your spells are a little harder to cast,
                  | but a little more powerful. [potion of mutation]
112767 | Zot:2    | Reached XP level 27. HP: 152/152 MP: 34/54
113978 | Zot:2    | Identified the amulet "Malere" {Acrobat rF+}
113982 | Zot:2    | Identified the +10 orcbow of the Nine Thickets {flame,
                  | +Blink}
114407 | Zot:2    | Reached skill level 27 in Conjurations
114802 | Zot:2    | Identified the +0 ring mail of Cakof {rPois rC+ Int+3 SInv}
115546 | Zot:3    | Got the Meditations on Kindling and Companions
115682 | Zot:3    | Identified the +5 halberd of Antique Cruel Justice {vamp,
                  | +Blink rCorr}
115746 | Zot:3    | Reached skill level 15 in Armour
116572 | Zot:3    | Noticed a dread lich
116576 | Zot:3    | Killed a dread lich
117480 | Depths:3 | Voluntarily entered the Abyss.
117483 | Abyss:2  | Found a corrupted altar of Lugonu.
117593 | Abyss:2  | Found a corrupted altar of Lugonu.
118087 | Abyss:3  | Found a corrupted altar of Lugonu.
118133 | Abyss:3  | Found a corrupted altar of Lugonu.
118304 | Abyss:3  | Reached skill level 15 in Shields
118387 | Abyss:3  | Noticed an ancient lich
118396 | Abyss:3  | Killed an ancient lich
118397 | Abyss:3  | Gained mutation: Armour fits poorly on your strangely
                  | shaped body. [a neqoxec]
118454 | Abyss:4  | Found a corrupted altar of Lugonu.
118569 | Abyss:4  | Paralysed by you for 2 turns
118611 | Abyss:4  | Reached skill level 1 in Staves
118618 | Abyss:4  | Found a corrupted altar of Lugonu.
118699 | Abyss:4  | Found a corrupted altar of Lugonu.
118703 | Abyss:4  | Got an abyssal rune of Zot
118781 | Depths:3 | Escaped the Abyss
119613 | Zot:4    | Noticed an orb of fire
119795 | Zot:4    | Noticed Grunn
119810 | Zot:4    | Killed Grunn
120461 | Zot:5    | Entered Level 5 of the Realm of Zot
121600 | Zot:5    | Noticed an ancient lich
121612 | Zot:5    | Noticed an orb of fire
121616 | Zot:5    | Noticed an orb of fire
121619 | Zot:5    | Noticed an orb of fire
121620 | Zot:5    | Gained mutation: You are vulnerable to cold. (rC-) [an orb
                  | of fire]
121642 | Zot:4    | Lost mutation: You are vulnerable to cold. (rC-) [potion of
                  | mutation]
121642 | Zot:4    | Lost mutation: Potions are less effective at restoring your
                  | health. [potion of mutation]
121642 | Zot:4    | Gained mutation: Your magical capacity is low. (-10% MP)
                  | [potion of mutation]
121642 | Zot:4    | Gained mutation: Your natural rate of healing is unusually
                  | fast. [potion of mutation]
121643 | Zot:4    | Upgraded the game from 0.31-a0-672-g7da72447bb to
                  | 0.31-a0-675-g238779eb0a
122001 | Crypt:1  | Entered Level 1 of the Crypt
122772 | Crypt:1  | Found a runed translucent door.
122773 | Crypt:1  | Noticed Rakupo Megg's ghost (veteran GrEE)
123127 | Crypt:2  | Found a transporter.
123140 | Crypt:2  | Noticed Hyrrirob's ghost (veteran GrEE)
123604 | Crypt:2  | Found a transporter.
124518 | Crypt:3  | Entered Level 3 of the Crypt
125200 | Crypt:3  | Reached skill level 5 in Dodging
125507 | Crypt:3  | Noticed a dread lich
125509 | Crypt:3  | Killed a dread lich
125546 | Crypt:3  | Found an ancient bone altar of Kikubaaqudgha.
126232 | Crypt:3  | Found the +8 Vampire's Tooth {megavamp}
126379 | Crypt:3  | Found a staircase to the Tomb.
126666 | Hell     | Entered the Vestibule of Hell
126666 | Hell     | Noticed Geryon
126672 | Hell     | Killed Geryon
126683 | Hell     | Found a gateway to the ashen valley of Gehenna.
126690 | Hell     | Noticed Murray
126699 | Hell     | Killed Murray
126720 | Hell     | Found a gateway to the freezing wastes of Cocytus.
126786 | Hell     | Found a gateway to the decaying netherworld of Tartarus.
126801 | Hell     | Paralysed by a vampire knight for 3 turns
127468 | Hell     | Found a gateway to the Iron City of Dis.
127761 | Hell     | Bought the +3 warlock's mirror {omnireflect} for 440 gold
                  | pieces
127761 | Hell     | Found the +3 warlock's mirror {omnireflect}
127775 | Hell     | Bought a potion of magic for 128 gold pieces
127789 | Dis:1    | Entered Level 1 of the Iron City of Dis
128114 | Dis:1    | Noticed an ancient lich
128121 | Dis:1    | Killed an ancient lich
130412 | Dis:3    | You are sucked into a shaft and drop 2 floors!
130498 | Dis:5    | HP: 5/157 [acid (9)]
131056 | Dis:5    | Lost mutation: Your natural rate of healing is unusually
                  | fast. [potion of mutation]
131056 | Dis:5    | Lost mutation: Your magical capacity is low. (-10% MP)
                  | [potion of mutation]
131056 | Dis:5    | Lost mutation: Your spells are a little harder to cast, but
                  | a little more powerful. [potion of mutation]
131056 | Dis:5    | Gained mutation: You are dopey. (Int -2) [potion of
                  | mutation]
131056 | Dis:5    | Gained mutation: Your spells are a little harder to cast,
                  | but a little more powerful. [potion of mutation]
131056 | Dis:5    | Gained mutation: Your spells are harder to cast, but more
                  | powerful. [potion of mutation]
131057 | Dis:5    | Lost mutation: Your spells are harder to cast, but more
                  | powerful. [potion of mutation]
131057 | Dis:5    | Lost mutation: You are dopey. (Int -2) [potion of mutation]
131057 | Dis:5    | Gained mutation: You are partially covered in iridescent
                  | scales. (AC +2) [potion of mutation]
131058 | Dis:5    | Lost mutation: Your body often deteriorates upon taking
                  | damage. [potion of mutation]
131058 | Dis:5    | Lost mutation: Your body sometimes deteriorates upon taking
                  | damage. [potion of mutation]
131058 | Dis:5    | Lost mutation: You are partially covered in iridescent
                  | scales. (AC +2) [potion of mutation]
131058 | Dis:5    | Gained mutation: You are partially covered in iridescent
                  | scales. (AC +2) [potion of mutation]
131058 | Dis:5    | Gained mutation: Your mind is acute. (Int +4, Str/Dex -1)
                  | [potion of mutation]
131058 | Dis:5    | Gained mutation: You are occasionally teleported next to
                  | monsters. [potion of mutation]
131913 | Dis:7    | Entered Level 7 of the Iron City of Dis
132770 | Dis:7    | Reached skill level 10 in Dodging
133935 | Dis:7    | Identified the +0 longbow of Jegramm {drain, rPois rF+++
                  | Str-5 Dex-2}
134094 | Dis:7    | Identified the +1 ring mail of Levity {rF+ rN+}
134253 | Dis:7    | Noticed Dispater
134270 | Dis:7    | Killed Dispater
134766 | Dis:7    | Identified the +4 short sword "Jiuganui" {freeze, rN+ Will+
                  | MP+9}
134769 | Dis:7    | Got an iron rune of Zot
135084 | D:10     | Bought the ring of Mistrust {Wiz *Corrode rElec rN+++ Str+2
                  | Stlth+} for 664 gold pieces
135223 | Tar:1    | Entered Level 1 of Tartarus
136834 | Tar:6    | Reached skill level 5 in Evocations
137203 | Tar:7    | Entered Level 7 of Tartarus
137479 | Tar:7    | Reached skill level 5 in Staves
138964 | Tar:7    | Noticed Ereshkigal
138969 | Tar:7    | Killed Ereshkigal
138987 | Tar:7    | Got a bone rune of Zot
138991 | Tar:7    | Identified the +5 hand axe of Asmur {heavy, rElec rN+
                  | rCorr}
139319 | Tar:7    | Reached skill level 27 in Shields
139428 | Tar:7    | Identified the +0 rapier "Beastslayer" {flame, Drain rC+
                  | Dex+6 Stlth+}
140935 | D:10     | Bought pitted fire dragon scales for 1820 gold pieces
140935 | D:10     | Identified the +5 fire dragon scales of Inference {rF++ rC-
                  | Int+7 Dex-2} (You bought it in a shop on level 10 of the
                  | Dungeon)
140957 | D:10     | Bought the ring "Luqush" {rF+ Will+ Str+4 Slay-2} for 376
                  | gold pieces
141087 | Geh:1    | Entered Level 1 of Gehenna
142131 | Geh:4    | Reached skill level 15 in Fighting
143020 | Geh:6    | Reached skill level 15 in Dodging
143231 | Geh:7    | Entered Level 7 of Gehenna
144951 | Geh:7    | Found the +13 sceptre of Asmodeus
144951 | Geh:7    | Noticed Asmodeus
144955 | Geh:7    | Killed Asmodeus
144965 | Geh:7    | Identified the staff "Cihup" {rElec rF+ rC+ Fire}
144989 | Geh:7    | Identified the +6 shortbow "Soylile" {speed, Fly rC- Will+
                  | MP+9}
144990 | Geh:7    | Identified the +9 double sword of Xeah {freeze, Drain Fly
                  | rN+ Int+4}
145015 | Geh:7    | Identified the +4 ring mail of Elyvilon, Cursing {rPois rC-
                  | Int+3 Dex+3}
145025 | Geh:7    | Got Sif Muna's Atlas of Bodily Humours
145034 | Geh:7    | Got an obsidian rune of Zot
145560 | D:10     | Bought the +4 skin of Zhor {*Englaciate rC+++ SInv} for
                  | 1862 gold pieces
145560 | D:10     | Found the +4 skin of Zhor {*Englaciate rC+++ SInv}
145698 | Coc:1    | Entered Level 1 of Cocytus
146668 | Coc:4    | Paralysed by a wendigo for 1 turns
147735 | Coc:5    | You are sucked into a shaft and drop 1 floor!
147889 | Coc:6    | Paralysed by a wendigo for 1 turns
148086 | Coc:7    | Entered Level 7 of Cocytus
148544 | Coc:7    | Paralysed by a wendigo for 1 turns
148588 | Coc:7    | Paralysed by a wendigo for 1 turns
148599 | Coc:7    | Paralysed by a wendigo for 1 turns
148639 | Coc:7    | Paralysed by a wendigo for 1 turns
148679 | Coc:7    | Noticed the Serpent of Hell
148730 | Coc:7    | Reached skill level 10 in Staves
149245 | Coc:7    | Killed the Serpent of Hell
149678 | Coc:7    | Identified the +10 great sword of the Everdark {flame,
                  | *Rage rElec rCorr}
149678 | Coc:7    | Noticed Antaeus
149678 | Coc:7    | Found the +1 cloak of Starlight {*Dazzle EV+4 Stlth--}
149704 | Coc:7    | Killed Antaeus
149724 | Coc:7    | Found the +4 robe of Folly {Brill Will-∞ Int+8}
149737 | Coc:7    | Got an icy rune of Zot
149747 | Coc:7    | Identified the +4 ring mail "Reguf" {Contam +Inv Slay+3}
150218 | Crypt:2  | Killed Hyrrirob's ghost
150261 | Crypt:2  | Identified the +1 pair of gloves of Chimes {Rampage rPois
                  | rF+ Will-}
150556 | Depths:2 | Identified the ring "Merafes" {Ice rN++ rCorr}
150556 | Depths:2 | Noticed Josephina
150561 | Depths:2 | Killed Josephina
150594 | Pan      | Entered Pandemonium
150998 | Pan      | Learned a level 4 spell: Leda's Liquefaction
151044 | Pan      | Noticed Zuv Cigu the pandemonium lord
151050 | Pan      | Killed Zuv Cigu the pandemonium lord
151099 | Pan      | Identified the +8 quarterstaff "Kyfees" {spect, rCorr
                  | Str+3}
151526 | Pan      | Found a huge runed translucent gate.
151531 | Pan      | Found a huge runed translucent gate.
152149 | Pan      | Found a huge runed translucent gate.
152149 | Pan      | Found a huge runed translucent gate.
152149 | Pan      | Found a huge runed translucent gate.
152568 | Pan      | Found a huge runed translucent gate.
152569 | Pan      | Found a huge runed translucent gate.
152572 | Pan      | Noticed Umassah the pandemonium lord
152574 | Pan      | Killed Umassah the pandemonium lord
153091 | Pan      | Found an exit through the horrors of the Abyss.
153162 | Pan      | Noticed Dukhlaca the pandemonium lord
153172 | Pan      | Killed Dukhlaca the pandemonium lord
153172 | Pan      | Gained mutation: You are vulnerable to heat. (rF-) [a
                  | cacodemon]
153205 | Pan      | Gained mutation: You are vulnerable to cold. (rC-) [a
                  | neqoxec]
154403 | Pan      | Identified the ring "Hachaeg" {rCorr Slay+4}
154796 | Pan      | Found a transporter.
155000 | Pan      | Found a transporter.
155654 | Pan      | Identified the ring "Lioxteo" {EV+5 Str-5 Dex+5}
155668 | Pan      | Identified the ring "Miabruxo" {+Blink rCorr}
155679 | Pan      | Identified the ring of the Frog {rC+ rN+ SInv}
155707 | Pan      | Entered the realm of Mnoleg.
155724 | Pan      | Gained mutation: You occasionally shout uncontrollably at
                  | your foes. [a cacodemon]
155941 | Pan      | Gained mutation: You sometimes lose your temper in combat.
                  | [a cacodemon]
156132 | Pan      | Noticed Mnoleg
156168 | Pan      | Killed Mnoleg
156259 | Pan      | Gained mutation: You are weak. (Str -2) [a neqoxec]
158236 | Pan      | Got a glowing rune of Zot
158521 | Pan      | Noticed Vyschypes the pandemonium lord
158561 | Pan      | Gained mutation: Your magical capacity is low. (-10% MP) [a
                  | cacodemon]
158596 | Pan      | Killed Vyschypes the pandemonium lord
158742 | Pan      | Got the Encyclopedia of the Vehement Volcano
158752 | Pan      | Identified the +5 scimitar of the Weasel {venom, Fly Int-5
                  | Dex+5}
159919 | Pan      | Noticed Eptarr the pandemonium lord
159923 | Pan      | Killed Eptarr the pandemonium lord
160469 | Pan      | Found a runed translucent door.
160923 | Pan      | Found a runed translucent door.
160924 | Pan      | Found a runed translucent door.
160963 | Pan      | Found a runed translucent door.
161317 | Pan      | Noticed Vafeodgh the pandemonium lord
161325 | Pan      | Killed Vafeodgh the pandemonium lord
161514 | Pan      | Found an exit through the horrors of the Abyss.
161618 | Pan      | Noticed Oblisky the pandemonium lord
161657 | Pan      | Killed Oblisky the pandemonium lord
162542 | Pan      | Noticed Wytupsodu the pandemonium lord
162548 | Pan      | Killed Wytupsodu the pandemonium lord
163242 | Pan      | Noticed Wulot the pandemonium lord
163281 | Pan      | Killed Wulot the pandemonium lord
163453 | Pan      | Found an exit through the horrors of the Abyss.
164117 | Pan      | Noticed Jek Ett the pandemonium lord
164143 | Pan      | Killed Jek Ett the pandemonium lord
164748 | Pan      | Found a runed translucent door.
165176 | Pan      | Got a demonic rune of Zot
165426 | Pan      | Noticed Rosemid the pandemonium lord
165428 | Pan      | Killed Rosemid the pandemonium lord
166312 | Pan      | Reached skill level 1 in Hexes
166449 | Pan      | Found a white marble altar of Elyvilon.
166720 | Pan      | Identified the ring "Jabemy" {Drain rElec Int+6 Dex+3
                  | Slay+3}
166767 | Pan      | Identified the +9 mace "Newt's Bane" {venom, +Blink rF+
                  | Will+ Int+2}
166959 | Pan      | Noticed a seraph
166970 | Pan      | Killed a seraph
167016 | Pan      | Identified the ring of Jeusac {rCorr Str+6 Int+2 Dex+2}
167137 | Pan      | Found a glowing golden altar of the Shining One.
167153 | Pan      | Identified the +9 great sword "Miuzerum" {drain, rPois
                  | rCorr Int+3}
167154 | Pan      | Identified the +0 chain mail of Pandemonium {Will++}
167680 | Pan      | Acquired 526 gold pieces
167696 | Pan      | Reached skill level 27 in Dodging
168347 | Pan      | Identified the +1 tower shield of Egalitarianism {Dex+3}
168348 | Pan      | Found a glowing silver altar of Zin.
169172 | Pan      | Entered the realm of Cerebov.
169236 | Pan      | Found the +6 sword of Cerebov {flame}
169236 | Pan      | Noticed Cerebov
169255 | Pan      | Killed Cerebov
169256 | Pan      | Reached skill level 15 in Staves
169350 | Pan      | Identified the +6 scale mail "Seuwytou" {rN++ Str+5 Stlth-}
169393 | Pan      | Identified the +3 halberd of Diet Blood {heavy, rElec
                  | Str+3}
169417 | Pan      | Identified the +2 scale mail "Getyomag" {rN+ Will+}
169455 | Pan      | Identified the ring "Miekh" {Str+3 Int+6}
169482 | Pan      | Got a fiery rune of Zot
169527 | Pan      | Found a transporter.
169608 | Pan      | Found a transporter.
169872 | Pan      | Lost mutation: You are vulnerable to heat. (rF-) [mutagenic
                  | glow]
169927 | Pan      | Identified the +6 plate armour of Ophiufup {*Slow +Blink
                  | +Inv}
169930 | Pan      | Identified the ring of Muuryick {rPois Will+}
169948 | Pan      | Identified the amulet of Pessimism {Acrobat rF++ rC- Regen+
                  | Stlth+}
170247 | Pan      | Entered the realm of Lom Lobon.
171048 | Pan      | Noticed Lom Lobon
172034 | Pan      | Killed Lom Lobon
172053 | Pan      | Got a magical rune of Zot
172152 | Pan      | Entered the realm of Gloorx Vloq.
172399 | Pan      | Noticed Gloorx Vloq
172410 | Pan      | Killed Gloorx Vloq
172423 | Pan      | Got a dark rune of Zot
172500 | Pan      | Found an exit through the horrors of the Abyss.
172506 | Pan      | Took an exit into the Abyss.
172506 | Abyss:4  | Escaped into the Abyss
172593 | Depths:2 | Escaped the Abyss
173188 | Zot:5    | Killed an ancient lich
173199 | Zot:5    | Noticed an orb of fire
173290 | Zot:5    | Gained mutation: You are clumsy. (Dex -2) [an orb of fire]
173293 | Zot:5    | Killed an orb of fire
173417 | Zot:5    | Killed an orb of fire
173521 | Zot:5    | Noticed a dread lich
173526 | Zot:5    | Killed a dread lich
173542 | Zot:5    | Killed an orb of fire
173563 | Zot:5    | Killed an orb of fire
174404 | Zot:5    | Noticed an orb of fire
174407 | Zot:5    | Killed an orb of fire
174423 | Zot:5    | Reached skill level 10 in Evocations
175246 | Tomb:1   | Entered Level 1 of the Tomb of the Ancients
175432 | Tomb:1   | Noticed a royal mummy
175432 | Tomb:1   | Noticed a royal mummy
175436 | Tomb:1   | Killed a royal mummy
176088 | Tomb:1   | Lost mutation: Armour fits poorly on your strangely shaped
                  | body. [potion of mutation]
176088 | Tomb:1   | Lost mutation: Your mind is acute. (Int +4, Str/Dex -1)
                  | [potion of mutation]
176088 | Tomb:1   | Gained mutation: You are frail. (-10% HP) [potion of
                  | mutation]
176088 | Tomb:1   | Lost mutation: You are weak. (Str -2) [potion of mutation]
176088 | Tomb:1   | Gained mutation: You expend magic power (3 MP) to
                  | strengthen your wands. [potion of mutation]
176115 | Tomb:1   | Lost mutation: Your magical capacity is low. (-10% MP)
                  | [potion of mutation]
176115 | Tomb:1   | Lost mutation: You expend magic power (3 MP) to strengthen
                  | your wands. [potion of mutation]
176115 | Tomb:1   | Gained mutation: You occasionally lose the ability to read
                  | scrolls when taking damage. [potion of mutation]
176115 | Tomb:1   | Gained mutation: You passively map a small area around you.
                  | [potion of mutation]
176115 | Tomb:1   | Gained mutation: You have an increased reservoir of magic.
                  | (+10% MP) [potion of mutation]
176116 | Tomb:1   | Lost mutation: You are clumsy. (Dex -2) [potion of
                  | mutation]
176116 | Tomb:1   | Lost mutation: You are frail. (-10% HP) [potion of
                  | mutation]
176116 | Tomb:1   | Lost mutation: You passively map a small area around you.
                  | [potion of mutation]
176116 | Tomb:1   | Lost mutation: You are vulnerable to cold. (rC-) [potion of
                  | mutation]
176116 | Tomb:1   | Gained mutation: You have hidden genetic potential. [potion
                  | of mutation]
176377 | Tomb:1   | Killed a royal mummy
176596 | Tomb:1   | Noticed a royal mummy
176604 | Tomb:1   | Noticed a royal mummy
176609 | Tomb:1   | Noticed a royal mummy
176616 | Tomb:1   | Noticed a royal mummy
176621 | Tomb:1   | Killed a royal mummy
176669 | Tomb:1   | Noticed a royal mummy
176674 | Tomb:1   | Noticed a royal mummy
176678 | Tomb:1   | Killed a royal mummy
176679 | Tomb:1   | Killed a royal mummy
176688 | Tomb:1   | Noticed a royal mummy
176708 | Tomb:1   | Noticed a royal mummy
176722 | Tomb:1   | Noticed a royal mummy
176724 | Tomb:1   | Noticed a royal mummy
176724 | Tomb:1   | Noticed a royal mummy
176726 | Tomb:1   | Noticed a royal mummy
176727 | Tomb:1   | Killed a royal mummy
176730 | Tomb:1   | Noticed a royal mummy
176734 | Tomb:1   | Killed a royal mummy
176734 | Tomb:1   | Killed a royal mummy
176746 | Tomb:1   | Killed a royal mummy
176747 | Tomb:1   | Noticed a royal mummy
176750 | Tomb:1   | Killed a royal mummy
176777 | Tomb:1   | Killed a royal mummy
177091 | Tomb:2   | Noticed a royal mummy
177093 | Tomb:2   | Noticed a royal mummy
177095 | Tomb:2   | Noticed a royal mummy
177139 | Tomb:2   | Killed a royal mummy
177139 | Tomb:2   | Killed a royal mummy
177307 | Tomb:2   | Noticed a royal mummy
177316 | Tomb:2   | Killed a royal mummy
177395 | Tomb:2   | Identified the +9 sling of Embarrassment {flame, rC+ Int+3
                  | Stlth+}
177487 | Tomb:2   | Killed a royal mummy
178758 | Tomb:3   | Entered Level 3 of the Tomb of the Ancients
178789 | Tomb:3   | Killed a royal mummy
178790 | Tomb:3   | Killed a royal mummy
178795 | Tomb:3   | Noticed a royal mummy
178797 | Tomb:3   | Noticed a royal mummy
178797 | Tomb:3   | Noticed a royal mummy
178797 | Tomb:3   | Noticed a royal mummy
178798 | Tomb:3   | Noticed a royal mummy
178799 | Tomb:3   | Noticed a royal mummy
178799 | Tomb:3   | Killed a royal mummy
178801 | Tomb:3   | Noticed Khufu
178810 | Tomb:3   | Killed Khufu
179178 | Tomb:3   | Found the +10 Black Knight's barding {ponderous, rPois rN+}
179183 | Tomb:3   | Identified the +1 robe of the Hippo {Str+5}
179230 | Tomb:3   | Got the Grimoire of the Grave
179265 | Tomb:3   | Got a golden rune of Zot
179942 | Zot:5    | Got the Orb of Zot
180259 | D:12     | Reached skill level 27 in Fighting
180485 | D:$      | Escaped with the Orb!

Illustrated notes

Levels and vault maps discovered:
D:1:      lightli_arrival_maybe_door_vault, layout_rooms,
          dreamdust_ecumenical_altar_statues
D:2:      minmay_roachtagon, layout_basic, uniq_terence
D:3:      layout_rooms, mainiacjoe_overflow_six_doors_small,
          kennysheep_slug_shrine, hex_medium, minmay_pentangle
D:4:      layout_rooms, nemelex_dance_club_becter, serial_shops,
          nicolae_shop_window_shopping
D:5:      layout_gridville, serial_shops, shop_statue, chequers_hall_statues_y,
          uniq_edmund
D:6:      layout_cave_pools, minmay_temple_entry_poolview,
          kennysheep_pointless_box, minmay_splitting_lines,
          uniq_crazy_yiuf_cottage, uniq_eustachio, uniq_maggie, uniq_grinder,
          uniq_prince_ribbit1, uniq_pikel
D:7:      layout_loops_ring
D:8:      minmay_goldmine, layout_rooms, trog_three_pillars_becter,
          erik_lair_island, uniq_maurice, uniq_amaemon, uniq_erica
D:9:      layout_rooms
D:10:     layout_gridville, regret_index_temple_of_mockery,
          mainiacjoe_overflow_brackets, ebering_ghost_reflecting_pool
D:11:     layout_loops_cross, orc_0_dummy, kennysheep_windowed_goal
D:12:     nzn_motion_control, layout_rooms
D:13:     layout_roguey, hellmonk_vaults_keyhole
D:14:     layout_loops_ring, minmay_misc_feat_secret_circle,
          hangedman_abyss_or_decor_passed
D:15:     grunt_enter_depths_hoard, layout_basic
Temple:   regret_index_temple_waves
Lair:1:   layout_cave_pods, gammafunk_ghost_ooze
Lair:2:   layout_regular_city, swamp_mist, uniq_fannar
Lair:3:   layout_loops_ring, nicolae_spider_entry_orb_guardian,
          grunt_megastairs_3, infiniplex_staircase_pool_2, lemuel_fruit_tree,
          uniq_nergalle
Lair:4:   layout_regular_city, beast_lair_carwin_8, serial_bayou_shore_a
Lair:5:   evil_forest, layout_gridlike, minmay_slime_entry_pillars,
          serial_bayou_ford_a, kilobyte_rumbling_trees
Swamp:1:  layout_basic_swamp, nicolae_swamp_decorative_isthmus,
          wheals_swamp_sinkhole
Swamp:2:  layout_basic_swamp, serial_swamp_ruin, evilmike_swamp_ruin_rubble_1,
          evilmike_swamp_ruin_rubble_2, swamp_pool5
Swamp:3:  layout_falls_marsh, hangedman_swamp_pad
Swamp:4:  swamp_old_school, layout_basic_swamp, swamp_pool1
Spider:1: layout_cave_pods, uniq_kirke
Spider:2: layout_spider_delve, nzn_ghost_randoct
Spider:3: layout_cave_pods, drop_trap, nicolae_spider_webbed_stairs,
          hangedman_spider_tarantella_strand, uniq_azrael
Spider:4: floodkiller_spider_rune_tomb
Slime:1:  layout_caves
Slime:2:  layout_caves, nicolae_slime_crime_time
Slime:3:  layout_caves, nicolae_slime_phagocytosis
Slime:4:  layout_caves, amcnicky_altar_lugonu_corruption
Slime:5:  slime_pit_nicolae_trefoil
Orc:1:    layout_caves, basic_altar, nicolae_shop_overcharged_wands
Orc:2:    st_orc_open, layout_diamond_mine, basic_altar,
          hellmonk_guarded_unrand_dark_maul, uniq_jorgrun
Elf:1:    eino_elf_arrival_sip, layout_onion_city, serial_shops, shop, shop,
          minmay_elf_sorcery, st_stairs_6, minmay_shop_star, uniq_roxanne
Elf:2:    nicolae_elf_blades_splatter_lattice
          [nicolae_blade_entry_hurt_lockers], layout_loops_cross, basic_altar,
          grunt_ministairs_12
Elf:3:    nooodl_elf_gasket, layout_loops_cross
Vaults:1: nicolae_vaults_circle_grid_a, v_rooms_6, vaults_room_semicircle,
          vaults_standard_mumra_x, ontoclasm_vaults_misaligned,
          nicolae_vaults_off_center_swirl, dpeg_vaults_monster_box,
          nicolae_vaults_double_plus_1, hangedman_vaults_nails,
          nicolae_vaults_tetromino_L_1, ontoclasm_vaults_loading_screen,
          nicolae_vaults_two_Ls, nicolae_vaults_diamond_2,
          nicolae_vaults_border_crossing, layout_vaults_big_room, serial_shops,
          shop, uniq_donald
Vaults:2: grunt_vaults_focal, v_misc_29, hangedman_vaults_nodes, v_misc_10,
          nicolae_vaults_spaceships, nicolae_vaults_trapezoid_lopsided_4,
          blue_anna_dwarven_crypt, vaults_room_semicircle,
          nicolae_vaults_house_2, layout_vaults_ring, uniq_mara
Vaults:3: nicolae_vaults_network_quincunx
          [nicolae_vaults_network_quincunx_subvault,
          nicolae_vaults_network_quincunx_subvault,
          nicolae_vaults_network_quincunx_subvault,
          nicolae_vaults_network_quincunx_subvault,
          nicolae_vaults_network_quincunx_subvault], vaults_room_large_hall,
          vaults_room_door_hall, v_rooms_3, v_pattern_1,
          nicolae_vaults_little_squares_4, vaults_standard_mumra_lines,
          nicolae_vaults_more_shelving_1, grunt_vaults_hallway_short,
          ontoclasm_vaults_shout, nicolae_vaults_rhombus_6,
          layout_vaults_big_cross, uniq_asterion
Vaults:4: vaults_room_hallway, nicolae_vaults_diamond_2,
          nicolae_vaults_halls_meeting, vaults_room_semicircle,
          ontoclasm_vaults_gateway, vaults_dpeg_hooks,
          nicolae_vaults_tetromino_Z_1, v_misc_18, hangedman_vaults_variations,
          nicolae_vaults_circle_grid_b, nicolae_vaults_sightless_eye,
          hangedman_vaults_stretched_pinwheel, vaults_room_door_ring,
          nicolae_vaults_triangles, ontoclasm_vaults_idyll,
          nicolae_vaults_bisected_exclaves, nicolae_vaults_little_squares_4,
          layout_vaults_maze, serial_shops, shop, nicolae_shop_tiny_waterfront,
          nicolae_shop_gaudy_bauble, uniq_xtahua, uniq_margery
Vaults:5
Crypt:1:  layout_chaotic_city, ebering_ghost_reflecting_pool, evilmike_ambush
          [evilmike_ambush_outer_doors, evilmike_ambush_inner_wall_2],
          grunt_crypt_arrival_guarded_gate
Crypt:2:  layout_regular_city, gammafunk_ghost_abyssal_escape
Crypt:3:  cryptofortress_bobbens
Tomb:1
Tomb:2
Tomb:3
Depths:1: layout_honeycomb, hell_entry, grunt_pan_entry_spiral,
          minmay_misc_feat_alley, hangedman_corner_corridor, uniq_nikola
Depths:2: grunt_profane_halls [grunt_profane_temple_tar,
          grunt_profane_temple_geh, grunt_profane_temple_coc,
          grunt_profane_temple_dis, grunt_profane_loot], abyss_entry,
          hell_entry, pan_entry, uniq_josephina
Depths:3: minmay_three_patterns, layout_gridville, enter_ziggurat_a,
          hangedman_abyss_entry_splay, hangedman_coc_ice_floe, nzn_random_ring,
          minmay_shoptagon
Depths:4: grunt_zot_entry_tricorne, layout_gridlike, minivault_14, hellmouth_1,
          marbit_kobold_abyss_entry, nicolae_vehumet_altar_sigil, uniq_mennas,
          uniq_sojobo
Hell
Dis:1:    layout_jigsaw, nicolae_hells_seeping_fissure
Dis:2:    layout_subdivisions, nicolae_dis_having_a_grate_time
Dis:3:    nicolae_dis_metal_hellway, layout_jigsaw
Dis:5:    hangedman_dis_monolith, layout_regular_city, nicolae_dis_bowling_alley
Dis:6:    layout_gridville
Dis:7:    iron_city_of_dis [dis_mu, dis_wall_7], layout_gridville
Geh:1:    hangedman_generic_boss_arena
Geh:2:    layout_gehenna_lava_caves
Geh:3:    layout_gehenna_lava_caves, gehenna_fire_generator
Geh:4:    layout_gehenna_pools_triple
Geh:5:    layout_gehenna_lava_caves
Geh:6:    layout_gehenna_pools_triple
Geh:7:    geh_mu
Coc:1:    layout_cocytus_delve
Coc:2:    layout_cocytus_water_paths
Coc:3:    layout_cocytus_delve
Coc:4:    layout_ice_bergs, serial_ice, serial_ice_b
Coc:5:    layout_cocytus_delve, nicolae_coc_statues_of_limitations
Coc:6:    layout_cocytus_water_paths
Coc:7:    coc_hangedman
Tar:1:    layout_grid_maze
Tar:2:    layout_grid_maze
Tar:3:    layout_honeycomb
Tar:4:    layout_grid_maze
Tar:5:    layout_honeycomb, nicolae_tar_cuneiform_city
Tar:6:    layout_catacombs
Tar:7:    tar_minmay_river
Zot:1:    layout_gridlike, grunt_megastairs_4
Zot:2:    kennysheep_oblong_rooms, layout_concentric_octagons
Zot:3:    grunt_deathspiral_small, layout_concentric_octagons, st_stairs_13
Zot:4:    layout_misc_corridors, nrook_zot_tub, uniq_grunn
Zot:5:    layout_gridlike

Skill      XL: |  1  2  3  4  5  6  7  8  9 10 11 12 13 14 15 16 17 18 19 20 21 22 23 24 25 26 27 |
---------------+----------------------------------------------------------------------------------+-----
Earth Magic    | 4 5 6 7 9 10 11 13 14 15 16 17 19 20 21 23 26 27 | 27.0
Spellcasting   | 3 4 5 7 8 9 10 12 13 14 15 16 17 18 19 21 22 24 25 27 | 27.0
Evocations     | 1 10 | 10.1
Conjurations   | 4 6 8 9 11 12 13 15 16 17 18 19 20 21 24 26 27 | 27.0
Fighting       | 1 2 4 5 6 7 8 9 10 27 | 27.0
Armour         | 1 2 4 5 7 8 9 10 11 12 13 14 23 | 23.5
Throwing       | 1 |  1.1
Shields        | 1 2 3 4 6 9 12 27 | 27.0
Staves         | 19 | 19.0
Dodging        | 27 | 27.0
Hexes          | 3 |  3.1
Maces & Flails | |  0.7
Stealth        | |  2.1
Transmutations | |  0.7

Action                     |  1- 3 |  4- 6 |  7- 9 | 10-12 | 13-15 | 16-18 | 19-21 | 22-24 | 25-27 || total
---------------------------+-------+-------+-------+-------+-------+-------+-------+-------+-------++-------
  Melee: Unarmed           |     2 |       |       |       |       |       |       |       |       ||     2
         Whip              |       |     4 |    18 |   118 |    70 |   246 |   259 |    92 |    95 ||   902
         Mace              |       |       |    37 |       |       |       |       |       |       ||    37
         Punch             |       |       |       |     5 |     4 |       |       |       |       ||     9
         Demon whip        |       |       |       |    74 |   467 |    29 |       |       |       ||   570
         Staff             |       |       |       |       |       |       |       |       |  1632 ||  1632
  Throw: Dart              |       |       |     1 |     8 |       |       |     6 |       |       ||    15
   Cast: Sandblast         |    44 |    67 |     8 |     3 |       |       |       |       |       ||   122
         Stone Arrow       |       |     3 |   118 |   279 |   781 |   215 |       |       |     2 ||  1398
         Mephitic Cloud    |       |       |       |    19 |    26 |     8 |       |       |       ||    53
         Petrify           |       |       |       |     3 |       |       |       |       |     1 ||     4
         Passwall          |       |       |       |     4 |     3 |       |       |       |     6 ||    13
         Lee's Rapid Decon |       |       |       |       |       |   117 |   428 |   295 |  1950 ||  2790
         Leda's Unmaking   |       |       |       |       |       |   375 |   327 |    26 |   103 ||   831
         Lehudib's Crystal |       |       |       |       |       |       |       |   319 |  1892 ||  2211
         Leda's Liquefacti |       |       |       |       |       |       |       |       |     1 ||     1
 Invoke: Call Merchant     |       |       |       |     2 |     2 |       |     2 |     3 |     5 ||    14
         Potion Petition   |       |       |       |       |       |       |     2 |     3 |    20 ||    25
         Bribe Branch      |       |       |       |       |       |       |       |       |     3 ||     3
  Evoke: Wand              |       |     6 |       |    14 |     2 |    26 |     5 |     3 |    61 ||   117
         Phantom mirror    |       |       |       |       |     1 |     1 |       |     1 |     7 ||    10
         Horn of Geryon    |       |       |       |       |       |       |       |       |     1 ||     1
    Use: Scroll            |       |     6 |     5 |     5 |    11 |     6 |     5 |     4 |    46 ||    88
         Potion            |       |     3 |       |     1 |       |     6 |     3 |     9 |    50 ||    72
   Stab: Confused          |       |       |       |       |     8 |       |       |       |       ||     8
         Distracted        |       |       |       |       |       |     3 |     1 |       |    12 ||    16
         Invisible         |       |       |       |       |       |       |       |       |    10 ||    10
         Paralysed         |       |       |       |       |       |       |       |       |     3 ||     3
 Armour: Robe              |    10 |    17 |    45 |       |       |       |       |       |       ||    72
         Leather armour    |       |       |     9 |       |       |       |       |       |       ||     9
         Acid dragon scale |       |       |    22 |   272 |       |       |       |       |       ||   294
         Ring mail         |       |       |       |       |   966 |   740 |   871 |   333 |  1198 ||  4108
         Animal skin       |       |       |       |       |       |       |       |       |   840 ||   840
         Fire dragon scale |       |       |       |       |       |       |       |       |   171 ||   171
         Skin              |       |       |       |       |       |       |       |       |     1 ||     1
  Dodge: Dodged            |    13 |    15 |    65 |   140 |   459 |   273 |   315 |    87 |  2094 ||  3461
         Repelled          |       |       |       |       |       |       |       |       |    52 ||    52
  Block: Buckler           |       |       |       |       |       |    87 |   134 |     3 |  1588 ||  1812
         Kite shield       |       |       |       |       |       |       |       |   141 |   591 ||   732
         Reflection        |       |       |       |       |       |       |       |    32 |   202 ||   234

Table legend: (Time is in decaauts)
 A = Elapsed time spent in this place.
 B = Non-inter-level travel time spent in this place.
 C = Inter-level travel time spent in this place.
 D = Time resting spent in this place.
 E = Time spent auto-exploring this place.
 F = Levels seen in this place.
 G = Mean time per level.
                   A        B        C        D        E       F      G
               +--------+--------+--------+--------+--------+-----+--------+
         Total | 180675 | 170034 |  10641 |  72322 |  67416 | 115 | 1571.1 |
       Dungeon |  24953 |  21149 |   3804 |   6889 |  10920 |  15 | 1663.5 |
        Temple |     26 |      1 |     25 |      0 |      0 |   1 |   26.0 |
          Lair |  14164 |  13338 |    826 |   5251 |   5779 |   5 | 2832.8 |
         Swamp |   6584 |   6454 |    130 |   2751 |   2959 |   4 | 1646.0 |
   Spider Nest |  12486 |  12260 |    226 |   6676 |   4185 |   4 | 3121.5 |
    Slime Pits |   7077 |   6897 |    180 |   3635 |   2020 |   5 | 1415.4 |
  Orcish Mines |   5050 |   4877 |    173 |   1551 |   2606 |   2 | 2525.0 |
   Elven Halls |   7348 |   7063 |    285 |   3559 |   2571 |   3 | 2449.3 |
        Vaults |  20380 |  19675 |    705 |  11779 |   5093 |   5 | 4076.0 |
         Crypt |   4956 |   4525 |    431 |   1433 |   2394 |   3 | 1652.0 |
          Tomb |   4272 |   3429 |    843 |   1468 |    797 |   3 | 1424.0 |
        Depths |  14544 |  13265 |   1279 |   7383 |   3850 |   4 | 3636.0 |
          Hell |   1160 |   1023 |    137 |    303 |    427 |   1 | 1160.0 |
           Dis |   7126 |   7035 |     91 |   3875 |   2250 |   6 | 1187.7 |
       Gehenna |   4329 |   4118 |    211 |   1546 |   1803 |   7 |  618.4 |
       Cocytus |   4228 |   4085 |    143 |   1429 |   1624 |   7 |  604.0 |
      Tartarus |   5570 |   5425 |    145 |   1880 |   2711 |   7 |  795.7 |
           Zot |  12359 |  11361 |    998 |   5954 |   4023 |   5 | 2471.8 |
         Abyss |   2409 |   2409 |      0 |    192 |    653 |   8 |  301.1 |
   Pandemonium |  21645 |  21645 |      0 |   4764 |  10750 |  20 | 1082.2 |
               +--------+--------+--------+--------+--------+-----+--------+

Top non-repeatable levels by time:
Spider:4: 5178 daAuts
Vaults:1: 4877 daAuts
Vaults:3: 4789 daAuts
Depths:2: 4385 daAuts
  Lair:5: 4224 daAuts
Vaults:2: 4200 daAuts
Depths:1: 3683 daAuts
Spider:3: 3614 daAuts
   Tar:7: 3594 daAuts
Depths:3: 3586 daAuts
   Zot:2: 3368 daAuts
Vaults:4: 3260 daAuts
Vaults:5: 3253 daAuts
   Zot:5: 3216 daAuts
  Lair:4: 3110 daAuts
